Workbook
Name Constr: '01-01'!$A$2
Name Constr: '01-02'!$A$2
Name Constr: '01-03'!$A$2
Name Constr: '02-01-01'!$A$2
Name Constr: '02-01-02'!$A$2
Name Constr: '02-01-03'!$A$2
Name Constr: '02-01-04'!$A$2
Name Constr: '02-01-05'!$A$2
Name Constr: '02-01-06'!$A$7
Name Constr: '07-01'!$A$2
Name Constr: '07-02'!$A$2
Name Constr: '247гн-14'!$A$7
Name FOT: '01-01'!$D$12
Name FOT: '01-02'!$D$12
Name FOT: '01-03'!$D$12
Name FOT: '02-01-01'!$D$12
Name FOT: '02-01-02'!$D$12
Name FOT: '02-01-03'!$D$14
Name FOT: '02-01-04'!$D$15
Name FOT: '02-01-05'!$D$14
Name FOT: '02-01-06'!$D$19
Name FOT: '07-01'!$D$12
Name FOT: '07-02'!$D$12
Name FOT: '247гн-14'!$D$17
Name Ind: '01-01'!$H$4
Name Ind: '01-02'!$H$4
Name Ind: '01-03'!$H$4
Name Ind: '02-01-01'!$H$4
Name Ind: '02-01-02'!$H$4
Name Ind: '02-01-03'!$H$4
Name Ind: '02-01-04'!$H$4
Name Ind: '02-01-05'!$H$4
Name Ind: '02-01-06'!$H$9
Name Ind: '07-01'!$H$4
Name Ind: '07-02'!$H$4
Name Ind: '247гн-14'!$H$9
Name Obj: '01-01'!$E$7
Name Obj: '01-02'!$E$7
Name Obj: '01-03'!$E$7
Name Obj: '02-01-01'!$E$7
Name Obj: '02-01-02'!$E$7
Name Obj: '02-01-03'!$E$7
Name Obj: '02-01-04'!$E$7
Name Obj: '02-01-05'!$E$7
Name Obj: '02-01-06'!$E$12
Name Obj: '07-01'!$E$7
Name Obj: '07-02'!$E$7
Name Obj: '247гн-14'!$E$12
Name Obosn: '01-01'!$D$10
Name Obosn: '01-02'!$D$10
Name Obosn: '01-03'!$D$10
Name Obosn: '02-01-01'!$D$10
Name Obosn: '02-01-02'!$D$10
Name Obosn: '02-01-03'!$D$10
Name Obosn: '02-01-04'!$D$10
Name Obosn: '02-01-05'!$D$10
Name Obosn: '02-01-06'!$D$15
Name Obosn: '07-01'!$D$10
Name Obosn: '07-02'!$D$10
Name Obosn: '247гн-14'!$D$15

Sheet 01-01
H1: ФГУП "Комбинат "Электрохимприбор"
H2: (наименование стройки)
H4: ЛОКАЛЬНЫЙ СМЕТНЫЙ РАСЧЕТ № 01-01
H5: (локальная смета)
C7: на | D7: разборку. Реконструкция КПП промышленной площадки №5 ФГУП "Комбинат "Электрохимприбор"
H8: (наименование работ и затрат, наименование объекта)
D10: Основание: Р-055/10671-ГП
D11: Сметная стоимость строительных работ _______________________________________________________________________________________________ | J11: ___________________________0,335 | L11: тыс. руб.
D12: Средства на оплату труда _______________________________________________________________________________________________ | J12: ___________________________0,036 | L12: тыс. руб.
D13: Сметная трудоемкость _______________________________________________________________________________________________ | J13: _______________________________________________________________________________________________2,34 | L13: чел.час
D14: Составлен(а) в ценах 2001 г.
A17: № пп | B17: Обосно- вание | C17: Наименование | D17: Ед. изм. | E17: Кол. | F17: Стоимость единицы, руб. | J17: Общая стоимость, руб. | N17: Т/з осн. раб.на ед. | O17: Т/з осн. раб. Всего | P17: Т/з мех. на ед. | Q17: Т/з мех. Всего
F18: Всего | G18: В том числе | J18: Всего | K18: В том числе
G19: Осн.З/п | H19: Эк.Маш | I19: З/пМех | K19: Осн.З/п | L19: Эк.Маш | M19: З/пМех
A20: 1 | B20: 2 | C20: 3 | D20: 4 | E20: 5 | F20: 6 | G20: 7 | H20: 8 | I20: 9 | J20: 10 | K20: 11 | L20: 12 | M20: 13 | N20: 14 | O20: 15 | P20: 16 | Q20: 17
A21: Раздел 1. Разборка
A22: 1 | B22: ТЕР27-03-008-04 | C22: Разборка покрытий и оснований асфальтобетонных | D22: 100 м3 конструкций | E22: 0.013 | F22: 9798.75 | G22: 2105.46 | H22: 7693.29 | I22: 716.85 | J22: 127 | K22: 27 | L22: 100 | M22: 9 | N22: 179.8 | O22: 2.34 | P22: 45.63 | Q22: 0.59
A23: 2 | B23: СЦП1-1-27-А | C23: Погрузочные работы при автомобильных перевозках: мусор строительный | D23: т | E23: 2.9 | F23: 2.7 | J23: 8
A24: 3 | B24: СЦП3-3-40-1 | C24: Перевозка грузов автомобилями-самосвалами (работающими вне карьеров): расстояние 40 км, класс груза I | D24: т | E24: 2.9 | F24: 38.58 | H24: 38.58 | J24: 112 | L24: 112
A25: Итого прямые затраты по смете в ценах 2001г. | J25: 247 | K25: 27 | L25: 212 | M25: 9 | O25: 2.34 | Q25: 0.59
A26: Накладные расходы | J26: 54
A27: В том числе, справочно:
A28: 149% ФОТ (от 36) (Поз. 1) | J28: 54
A29: Сметная прибыль | J29: 34
A30: В том числе, справочно:
A31: 95% ФОТ (от 36) (Поз. 1) | J31: 34
A32: Итоги по смете:
A33: Автомобильные дороги | J33: 215 | O33: 2.34 | Q33: 0.59
A34: Погрузо-разгрузочные работы при автомобильных перевозках | J34: 8
A35: Перевозка грузов автомобильным транспортом | J35: 112
A36: Итого | J36: 335 | O36: 2.34 | Q36: 0.59
A37: В том числе:
A38: Машины и механизмы | J38: 212
A39: ФОТ | J39: 36
A40: Накладные расходы | J40: 54
A41: Сметная прибыль | J41: 34
A42: ВСЕГО по смете | J42: 335 | O42: 2.34 | Q42: 0.59

Sheet 01-02
H1: ФГУП "Комбинат "Электрохимприбор"
H2: (наименование стройки)
H4: ЛОКАЛЬНЫЙ СМЕТНЫЙ РАСЧЕТ № 01-02
H5: (локальная смета)
C7: на | D7: демонтажные работы, Реконструкция КПП промышленной площадки №5
H8: (наименование работ и затрат, наименование объекта)
D10: Основание: 055/10671-ПОД
D11: Сметная стоимость строительных работ _______________________________________________________________________________________________ | J11: ___________________________28,464 | L11: тыс. руб.
D12: Средства на оплату труда _______________________________________________________________________________________________ | J12: ___________________________5,345 | L12: тыс. руб.
D13: Сметная трудоемкость _______________________________________________________________________________________________ | J13: _______________________________________________________________________________________________349,29 | L13: чел.час
D14: Составлен(а) в текущих (прогнозных) ценах 2001г.
A17: № пп | B17: Обосно- вание | C17: Наименование | D17: Ед. изм. | E17: Кол. | F17: Стоимость единицы, руб. | J17: Общая стоимость, руб. | N17: Т/з осн. раб.на ед. | O17: Т/з осн. раб. Всего | P17: Т/з мех. на ед. | Q17: Т/з мех. Всего
F18: Всего | G18: В том числе | J18: Всего | K18: В том числе
G19: Осн.З/п | H19: Эк.Маш | I19: З/пМех | K19: Осн.З/п | L19: Эк.Маш | M19: З/пМех
A20: 1 | B20: 2 | C20: 3 | D20: 4 | E20: 5 | F20: 6 | G20: 7 | H20: 8 | I20: 9 | J20: 10 | K20: 11 | L20: 12 | M20: 13 | N20: 14 | O20: 15 | P20: 16 | Q20: 17
A21: Раздел 1. Демонтажные работы
A22: 1 | B22: ТЕР46-04-008-01 | C22: Разборка покрытий кровель из рулонных материалов | D22: 100 м2 покрытия | E22: 0,32 32/100 | F22: 202.89 | G22: 158.04 | H22: 44.85 | J22: 65 | K22: 51 | L22: 14 | N22: 14.38 | O22: 4.6
A23: 2 | B23: ТЕР46-04-009-01 примен. | C23: Разборка цементной стяжки | D23: 1 м3 | E23: 1,6 32*0,05 | F23: 495.3 | G23: 114.13 | H23: 381.17 | I23: 35.3 | J23: 792 | K23: 183 | L23: 609 | M23: 56 | N23: 8.93 | O23: 14.29 | P23: 2.26 | Q23: 3.62
A24: 3 | B24: ТЕР12-01-014-02 | C24: Разборка утеплителя из шлака 81,04 = 352,39 - 1,03 x 263,45 (демонтаж ПЗ=0,8 (ОЗП=0,8; ЭМ=0,8 к расх.; ЗПМ=0,8; МАТ=0,8 к расх.; ТЗ=0,8; ТЗМ=0,8)) | D24: 1 м3 утеплителя | E24: 4,8 32*0,15 | F24: 64.83 | G24: 26.73 | H24: 38.1 | I24: 4.5 | J24: 311 | K24: 128 | L24: 183 | M24: 22 | N24: 2.43 | O24: 11.66 | P24: 0.27 | Q24: 1.3
A25: 4 | B25: ТЕР09-04-002-01 | C25: Демонтаж покрытия из оцинкованного профлиста (демонтаж ПЗ=0,7 (ОЗП=0,7; ЭМ=0,7 к расх.; ЗПМ=0,7; МАТ=0,7 к расх.; ТЗ=0,7; ТЗМ=0,7)) | D25: 100 м2 покрытия | E25: 0,32 32/100 | F25: 873.54 | G25: 306.15 | H25: 410.4 | I25: 36.3 | J25: 280 | K25: 98 | L25: 131 | M25: 12 | N25: 24.85 | O25: 7.95 | P25: 1.83 | Q25: 0.59
A26: 5 | B26: ТЕР09-06-001-01 | C26: Демонтаж стальных ворот (демонтаж ПЗ=0,7 (ОЗП=0,7; ЭМ=0,7 к расх.; ЗПМ=0,7; МАТ=0,7 к расх.; ТЗ=0,7; ТЗМ=0,7)) | D26: 1 т конструкций | E26: 0.05 | F26: 896.4 | G26: 752.34 | H26: 111.36 | I26: 6.24 | J26: 45 | K26: 38 | L26: 6 | N26: 62.64 | O26: 3.13 | P26: 0.34 | Q26: 0.02
A27: 6 | B27: ТЕР46-04-001-04 | C27: Разборка кирпичных стен | D27: 1 м3 | E27: 24 | F27: 296.8 | G27: 102.84 | H27: 193.96 | I27: 17.96 | J27: 7123 | K27: 2468 | L27: 4655 | M27: 431 | N27: 8.24 | O27: 197.76 | P27: 1.15 | Q27: 27.6
A28: 7 | B28: ТЕР46-04-009-01 | C28: Разборка бетонных оснований под полы на гравии | D28: 1 м3 | E28: 6.4 | F28: 495.3 | G28: 114.13 | H28: 381.17 | I28: 35.3 | J28: 3170 | K28: 730 | L28: 2440 | M28: 226 | N28: 8.93 | O28: 57.15 | P28: 2.26 | Q28: 14.46
A29: 8 | B29: ТЕР46-04-001-02 | C29: Разборка бетонных фундаментов | D29: 1 м3 | E29: 5.5 | F29: 598.67 | G29: 119.68 | H29: 478.99 | I29: 44.36 | J29: 3293 | K29: 658 | L29: 2635 | M29: 244 | N29: 9.59 | O29: 52.75 | P29: 2.84 | Q29: 15.62
A30: 9 | B30: СЦП1-1-13-А | C30: Погрузочные работы при автомобильных перевозках: изделия металлические (армокаркасы, заготовки трубные и др.) | D30: т | E30: 0,306 0,05+32*8*0,001 | F30: 23.27 | J30: 7
A31: 10 | B31: СЦП1-1-27-А | C31: Погрузочные работы при автомобильных перевозках: мусор строительный | D31: т | E31: 85,616 ф1 | F31: 2.7 | J31: 231
A32: 11 | B32: СЦП3-2-40-1 | C32: Перевозка строительных грузов (кроме массовых навалочных, перевозимых автосамосвалами, а также бетонных и ж/б изделий, стеновых и перегородочных материалов), лесоматериалов круглых и пиломатериалов: расстояние 40 км, класс груза I (металлолом) | D32: т | E32: 0,306 0,05+32*0,008 | F32: 41.02 | H32: 41.02 | J32: 13 | L32: 13
A33: 12 | B33: СЦП3-2-40-1 | C33: Перевозка строительных грузов (кроме массовых навалочных, перевозимых автосамосвалами, а также бетонных и ж/б изделий, стеновых и перегородочных материалов), лесоматериалов круглых и пиломатериалов: расстояние 40 км, класс груза I (мусор строительный) | D33: т | E33: 85,616 ф1 | F33: 41.02 | H33: 41.02 | J33: 3512 | L33: 3512
A34: Итого прямые затраты по смете в ценах 2001г. | J34: 18842 | K34: 4354 | L34: 14198 | M34: 991 | O34: 349.29 | Q34: 63.21
A35: Накладные расходы | J35: 5865
A36: В том числе, справочно:
A37: 90% ФОТ (от 148) (Поз. 4-5) | J37: 133
A38: 110% ФОТ (от 5047) (Поз. 1-2, 6-8) | J38: 5552
A39: 120% ФОТ (от 150) (Поз. 3) | J39: 180
A40: Сметная прибыль | J40: 3757
A41: В том числе, справочно:
A42: 65% ФОТ (от 150) (Поз. 3) | J42: 98
A43: 70% ФОТ (от 5047) (Поз. 1-2, 6-8) | J43: 3533
A44: 85% ФОТ (от 148) (Поз. 4-5) | J44: 126
A45: Итоги по смете:
A46: Работы по реконструкции зданий и сооружений (усиление и замена существующих конструкций, разборка и возведение отдельных конструктивных элементов) | J46: 23528 | O46: 326.55 | Q46: 61.3
A47: Кровли | J47: 589 | O47: 11.66 | Q47: 1.3
A48: Строительные металлические конструкции | J48: 584 | O48: 11.08 | Q48: 0.61
A49: Погрузо-разгрузочные работы при автоперевозках | J49: 238
A50: Перевозка грузов автотранспортом | J50: 3525
A51: Итого | J51: 28464 | O51: 349.29 | Q51: 63.21
A52: В том числе:
A53: Материалы | J53: 52
A54: Машины и механизмы | J54: 14198
A55: ФОТ | J55: 5345
A56: Накладные расходы | J56: 5865
A57: Сметная прибыль | J57: 3757
A58: ВСЕГО по смете | J58: 28464 | O58: 349.29 | Q58: 63.21

Sheet 01-03
H1: ФГУП "Комбинат "Электрохимприбор"
H2: (наименование стройки)
H4: ЛОКАЛЬНЫЙ СМЕТНЫЙ РАСЧЕТ № 01-03
H5: (локальная смета)
C7: на | D7: демонтаж тепловых сетей, Реконструкция КПП промышленной площадки №5
H8: (наименование работ и затрат, наименование объекта)
D10: Основание: 055/10671-ПОД
D11: Сметная стоимость строительных работ _______________________________________________________________________________________________ | J11: ___________________________3,392 | L11: тыс. руб.
D12: Средства на оплату труда _______________________________________________________________________________________________ | J12: ___________________________0,584 | L12: тыс. руб.
D13: Сметная трудоемкость _______________________________________________________________________________________________ | J13: _______________________________________________________________________________________________40,03 | L13: чел.час
D14: Составлен(а) в текущих (прогнозных) ценах 2001г.
A17: № пп | B17: Обосно- вание | C17: Наименование | D17: Ед. изм. | E17: Кол. | F17: Стоимость единицы, руб. | J17: Общая стоимость, руб. | N17: Т/з осн. раб.на ед. | O17: Т/з осн. раб. Всего | P17: Т/з мех. на ед. | Q17: Т/з мех. Всего
F18: Всего | G18: В том числе | J18: Всего | K18: В том числе
G19: Осн.З/п | H19: Эк.Маш | I19: З/пМех | K19: Осн.З/п | L19: Эк.Маш | M19: З/пМех
A20: 1 | B20: 2 | C20: 3 | D20: 4 | E20: 5 | F20: 6 | G20: 7 | H20: 8 | I20: 9 | J20: 10 | K20: 11 | L20: 12 | M20: 13 | N20: 14 | O20: 15 | P20: 16 | Q20: 17
A21: Раздел 1. Земляные работы
A22: 1 | B22: ТЕР01-01-003-14 | C22: Разработка грунта в отвал экскаваторами «драглайн» или «обратная лопата» с ковшом вместимостью 0,5 (0,5-0,63) м3, группа грунтов 2 | D22: 1000 м3 грунта | E22: 0,0072 7,2/1000 | F22: 4077.94 | G22: 149.13 | H22: 3928.81 | I22: 460.79 | J22: 29 | K22: 1 | L22: 28 | M22: 3 | N22: 13.57 | O22: 0.1 | P22: 29.5 | Q22: 0.21
A23: 2 | B23: ТЕР01-02-057-02 | C23: Разработка грунта вручную в траншеях глубиной до 2 м без креплений с откосами, группа грунтов 2 | D23: 100 м3 грунта | E23: 0,077 7,7/100 | F23: 1692.46 | G23: 1692.46 | J23: 130 | K23: 130 | N23: 154 | O23: 11.86
A24: 3 | B24: ТЕР07-06-001-01 | C24: Демонтаж непроходных каналов одноячейковых, перекрываемых или опирающихся на плиту (МДС 81-36.2004 п.п.3.3.1.Демонтаж (разборка) сборных бетонных и железобетонных конструкций ОЗП=0,8; ЭМ=0,8 к расх.; ЗПМ=0,8; МАТ=0 к расх.; ТЗ=0,8; ТЗМ=0,8) | D24: 100 м3 сборных конструкций | E24: 0,062 (3,6+2,6)/100 | F24: 11261.32 | G24: 3860.88 | H24: 7400.44 | I24: 812.45 | J24: 698 | K24: 239 | L24: 459 | M24: 50 | N24: 298.37 | O24: 18.5 | P24: 44.64 | Q24: 2.77
A25: 4 | B25: ТЕР24-01-002-03 примен. | C25: Демонтаж трубопроводов в непроходном канале при условном давлении 1,6 МПа, температуре 150°С, диаметр труб 80 мм (МДС 81-36.2004 п.п.3.3.1.Демонтаж (разборка) наружных сетей водопровода, канализации, теплоснабжения и газоснабжения ОЗП=0,6; ЭМ=0,6 к расх.; ЗПМ=0,6; МАТ=0 к расх.; ТЗ=0,6; ТЗМ=0,6) | D25: 1 км трубопровода | E25: 0,024 24/1000 | F25: 11742.42 | G25: 3905.09 | H25: 7837.33 | I25: 779.89 | J25: 282 | K25: 94 | L25: 188 | M25: 19 | N25: 283.8 | O25: 6.81 | P25: 46.64 | Q25: 1.12
A26: 5 | B26: ТЕР01-01-033-02 | C26: Засыпка траншей и котлованов с перемещением грунта до 5 м бульдозерами мощностью 59 кВт (80 л.с.), группа грунтов 2 | D26: 1000 м3 грунта | E26: 0,022 22/1000 | F26: 822.69 | H26: 822.69 | I26: 138.55 | J26: 18 | L26: 18 | M26: 3 | P26: 8.87 | Q26: 0.2
A27: 6 | B27: ТЕР01-01-033-08 | C27: При перемещении грунта на каждые последующие 5 м добавлять к расценке 01-01-033-02 | D27: 1000 м3 грунта | E27: 0,022 22/1000 | F27: 406.25 | H27: 406.25 | I27: 68.42 | J27: 9 | L27: 9 | M27: 2 | P27: 4.38 | Q27: 0.1
A28: 7 | B28: ТСЦ-408-0200 | C28: Смесь песчано-гравийная природная (недостающий грунт для обратной засыпки канала) | D28: м3 | E28: 7.1 | F28: 138.7 | J28: 985
A29: 8 | B29: ТЕР01-02-005-01 | C29: Уплотнение грунта пневматическими трамбовками, группа грунтов 1-2 | D29: 100 м3 уплотненного грунта | E29: 0,22 22/100 | F29: 604.71 | G29: 150.49 | H29: 454.22 | I29: 47.48 | J29: 133 | K29: 33 | L29: 100 | M29: 10 | N29: 12.53 | O29: 2.76 | P29: 3.04 | Q29: 0.67
A30: Итого прямые затраты по смете в ценах 2001г. | J30: 2284 | K30: 497 | L30: 802 | M30: 87 | O30: 40.03 | Q30: 5.07
A31: Накладные расходы | J31: 676
A32: В том числе, справочно:
A33: 80% ФОТ (от 130) (Поз. 2) | J33: 104
A34: 95% ФОТ (от 52) (Поз. 1, 5-8) | J34: 49
A35: 130% ФОТ (от 402) (Поз. 3-4) | J35: 523
A36: Сметная прибыль | J36: 432
A37: В том числе, справочно:
A38: 45% ФОТ (от 130) (Поз. 2) | J38: 59
A39: 50% ФОТ (от 52) (Поз. 1, 5-8) | J39: 26
A40: 85% ФОТ (от 289) (Поз. 3) | J40: 246
A41: 89% ФОТ (от 113) (Поз. 4) | J41: 101
A42: Итоги по смете:
A43: Земляные работы, выполняемые механизированным способом | J43: 1249 | O43: 2.86 | Q43: 1.18
A44: Земляные работы, выполняемые ручным способом | J44: 293 | O44: 11.86
A45: Бетонные и железобетонные сборные конструкции в промышленном строительстве | J45: 1320 | O45: 18.5 | Q45: 2.77
A46: Наружные сети водопровода, канализации, теплоснабжения, газопровода | J46: 530 | O46: 6.81 | Q46: 1.12
A47: Итого | J47: 3392 | O47: 40.03 | Q47: 5.07
A48: В том числе:
A49: Основная заработная плата | J49: 497
A50: Материалы | J50: 985
A51: Машины и механизмы | J51: 802
A52: в том числе заработная плата машинистов | J52: 87
A53: Накладные расходы | J53: 676
A54: Сметная прибыль | J54: 432
A55: ВСЕГО по смете | J55: 3392 | O55: 40.03 | Q55: 5.07

Sheet 02-01-01
H1: ФГУП "Комбинат "Электрохимприбор"
H2: (наименование стройки)
H4: ЛОКАЛЬНЫЙ СМЕТНЫЙ РАСЧЕТ № 02-01-01
H5: (локальная смета)
C7: на | D7: общестроительные работы, Реконструкция КПП промышленной площадки №5
H8: (наименование работ и затрат, наименование объекта)
D10: Основание: Р-055/10671-258(АС-1-13)
D11: Сметная стоимость строительных работ _______________________________________________________________________________________________ | J11: ___________________________320,948 | L11: тыс. руб.
D12: Средства на оплату труда _______________________________________________________________________________________________ | J12: ___________________________45,674 | L12: тыс. руб.
D13: Сметная трудоемкость _______________________________________________________________________________________________ | J13: _______________________________________________________________________________________________3394,73 | L13: чел.час
D14: Составлен(а) в текущих (прогнозных) ценах 2001г.
A17: № пп | B17: Обосно- вание | C17: Наименование | D17: Ед. изм. | E17: Кол. | F17: Стоимость единицы, руб. | J17: Общая стоимость, руб. | N17: Т/з осн. раб.на ед. | O17: Т/з осн. раб. Всего | P17: Т/з мех. на ед. | Q17: Т/з мех. Всего
F18: Всего | G18: В том числе | J18: Всего | K18: В том числе
G19: Осн.З/п | H19: Эк.Маш | I19: З/пМех | K19: Осн.З/п | L19: Эк.Маш | M19: З/пМех
A20: 1 | B20: 2 | C20: 3 | D20: 4 | E20: 5 | F20: 6 | G20: 7 | H20: 8 | I20: 9 | J20: 10 | K20: 11 | L20: 12 | M20: 13 | N20: 14 | O20: 15 | P20: 16 | Q20: 17
A21: Раздел 1. Стены
A22: 1 | B22: ТЕР08-02-001-01 | C22: Кладка стен кирпичных наружных простых при высоте этажа до 4 м (парапета и карниза) | D22: 1 м3 кладки | E22: 3,41 (13,82*2+8,12)*0,25*0,2+(0,51*0,32+0,05*0,12*6)*8,12 | F22: 714.69 | G22: 63.23 | H22: 102.38 | I22: 7.28 | J22: 2437 | K22: 216 | L22: 349 | M22: 25 | N22: 5.4 | O22: 18.41 | P22: 0.4 | Q22: 1.36
A23: 2 | B23: ТЕРр53-25-1 | C23: Устройство металлических перемычек в стенах существующих зданий | D23: 1 т металлоконструкций перемычек | E23: 0,0383 0,0372*1,03 | F23: 15207.66 | G23: 2018.76 | H23: 98 | I23: 6.37 | J23: 582 | K23: 77 | L23: 4 | N23: 165.88 | O23: 6.35 | P23: 0.47 | Q23: 0.02
A24: 3 | B24: ТЕР46-03-007-03 | C24: Пробивка проемов в конструкциях из кирпича | D24: 1 м3 | E24: 0,0765 0,5*0,3*0,51 | F24: 583.75 | G24: 155.35 | H24: 428.4 | I24: 39.67 | J24: 45 | K24: 12 | L24: 33 | M24: 3 | N24: 12.3 | O24: 0.94 | P24: 2.54 | Q24: 0.19
A25: 4 | B25: ТЕР15-02-036-01 | C25: Штукатурка по сетке без устройства каркаса улучшенная стен | D25: 100 м2 оштукатуриваемой поверхности | E25: 0,0065 0,65/100 | F25: 7137.98 | G25: 1681.55 | H25: 63.15 | I25: 22.49 | J25: 46 | K25: 11 | N25: 129.95 | O25: 0.84 | P25: 1.44 | Q25: 0.01
A26: 5 | B26: ТЕР15-02-037-01 | C26: Устройство каркаса при оштукатуривании стен | D26: 100 м2 оштукатуриваемой поверхности | E26: 0,0065 0,65/100 | F26: 2068.31 | G26: 323.24 | H26: 11.39 | I26: 3.28 | J26: 13 | K26: 2 | N26: 24.98 | O26: 0.16 | P26: 0.21
A27: 6 | B27: ТЕР46-02-007-01 | C27: Кладка отдельных участков кирпичных стен и заделка проемов в кирпичных стенах при объеме кладки в одном месте до 5 м3 (оконного проема) | D27: 1 м3 | E27: 1,1169 2,19*0,51 | F27: 729.34 | G27: 168.39 | H27: 2.31 | J27: 815 | K27: 188 | L27: 3 | N27: 14.63 | O27: 16.34
A28: 7 | B28: ТЕР46-03-010-02 примен. | C28: Пробивка отверстия 100х100 мм в стенах толщиной 510 мм (ПЗ=3,5 (ОЗП=3,5; ЭМ=3,5 к расх.; ЗПМ=3,5; МАТ=3,5 к расх.; ТЗ=3,5; ТЗМ=3,5)) | D28: 100 отверстий | E28: 0,01 1/100 | F28: 6968.54 | G28: 1661.66 | H28: 5306.88 | I28: 491.47 | J28: 70 | K28: 17 | L28: 53 | M28: 5 | N28: 124.01 | O28: 1.24 | P28: 31.47 | Q28: 0.31
A29: 8 | B29: ТЕР46-03-010-02 | C29: Пробивка в бетонных стенах и полах толщиной 100 мм отверстий площадью до 100 см2 (перегородках) | D29: 100 отверстий | E29: 0,01 1/100 | F29: 1991.01 | G29: 474.76 | H29: 1516.25 | I29: 140.42 | J29: 20 | K29: 5 | L29: 15 | M29: 1 | N29: 35.43 | O29: 0.35 | P29: 8.99 | Q29: 0.09
A30: 9 | B30: ТЕР46-03-010-06 | C30: Пробивка в бетонных потолках толщиной 100 мм отверстий площадью до 500 см2 | D30: 100 отверстий | E30: 0,08 (1+6+1)/100 | F30: 8899.95 | G30: 1983.2 | H30: 6916.75 | I30: 640.58 | J30: 712 | K30: 159 | L30: 553 | M30: 51 | N30: 148 | O30: 11.84 | P30: 41.01 | Q30: 3.28
A31: 10 | B31: ТЕР13-06-003-01 | C31: Очистка поверхности щетками | D31: 1 м2 очищаемой поверхности | E31: 14.82 | F31: 10.81 | G31: 10.81 | J31: 160 | K31: 160 | N31: 0.9 | O31: 13.34
A32: 11 | B32: ТЕР13-06-004-01 | C32: Обеспыливание поверхности | D32: 1 м2 обеспыливаемой поверхности | E32: 14.82 | F32: 2.59 | G32: 1.2 | H32: 1.39 | J32: 38 | K32: 18 | L32: 20 | N32: 0.1 | O32: 1.48
A33: 12 | B33: ТЕРр62-39-1 | C33: Промывка поверхности водой | D33: 100 м2 промытой поверхности | E33: 0,1482 14,82/100 | F33: 78.11 | G33: 66.92 | J33: 12 | K33: 10 | N33: 5.98 | O33: 0.89
A34: 13 | B34: ТЕР15-02-001-01 | C34: Улучшенная штукатурка фасадов цементно-известковым раствором по камню стен | D34: 100 м2 оштукатуриваемой поверхности | E34: 0,1482 14,82/100 | F34: 2288.85 | G34: 960.42 | H34: 84.88 | I34: 33.39 | J34: 339 | K34: 142 | L34: 13 | M34: 5 | N34: 70.88 | O34: 10.5 | P34: 2.78 | Q34: 0.41
A35: 14 | B35: ТЕР46-02-009-02 | C35: Отбивка штукатурки с поверхностей стен и потолков кирпичных | D35: 100 м2 | E35: 1,336 133,6/100 | F35: 250.79 | G35: 250.79 | J35: 335 | K35: 335 | N35: 22.82 | O35: 30.49
A36: 15 | B36: ТЕР13-06-003-01 | C36: Очистка поверхности щетками | D36: 1 м2 очищаемой поверхности | E36: 133.6 | F36: 10.81 | G36: 10.81 | J36: 1444 | K36: 1444 | N36: 0.9 | O36: 120.24
A37: 16 | B37: ТЕРр62-39-1 | C37: Промывка поверхности водой | D37: 100 м2 промытой поверхности | E37: 1,336 133,6/100 | F37: 78.11 | G37: 66.92 | J37: 104 | K37: 89 | N37: 5.98 | O37: 7.99
A38: 17 | B38: ТЕР15-02-036-01 | C38: Штукатурка по сетке без устройства каркаса улучшенная стен | D38: 100 м2 оштукатуриваемой поверхности | E38: 1,336 133,6/100 | F38: 7137.98 | G38: 1681.55 | H38: 63.15 | I38: 22.49 | J38: 9536 | K38: 2247 | L38: 84 | M38: 30 | N38: 129.95 | O38: 173.61 | P38: 1.44 | Q38: 1.92
A39: 18 | B39: ТЕР15-02-037-01 | C39: Устройство каркаса при оштукатуривании стен | D39: 100 м2 оштукатуриваемой поверхности | E39: 1,336 133,6/100 | F39: 2068.31 | G39: 323.24 | H39: 11.39 | I39: 3.28 | J39: 2763 | K39: 432 | L39: 15 | M39: 4 | N39: 24.98 | O39: 33.37 | P39: 0.21 | Q39: 0.28
A40: 19 | B40: ТЕР26-01-037-01 | C40: Изоляция стен утеплителем Тизол Евро Фасад толщ. 70 мм 822,93 = 2 061,08 - 0,97 x 1 276,44 | D40: 1 м3 изоляции | E40: 11,32 ф41*0,07 | F40: 822.93 | G40: 271.54 | H40: 110.02 | J40: 9316 | K40: 3074 | L40: 1245 | N40: 20.04 | O40: 226.85
A41: 20 | B41: Прайс-лист ОАО ТИЗОЛ от 30.07.2013 | C41: Утеплитель Тизол Евро Фасад толщ. 70 мм (=461,23/1,18/5,53) | D41: м2 | E41: 164,91 ф41*1,02 | F41: 70,68 461,23/1,18/5,53 | J41: 11656
A42: 21 | B42: ТЕР26-01-048-04 | C42: Устройство на плоских и криволинейных поверхностях каркаса изоляции из сетки | D42: 100 м2 изолируемой поверхности | E42: 1,617 ф41/100 | F42: 1867.85 | G42: 134.51 | H42: 61.14 | J42: 3020 | K42: 218 | L42: 99 | N42: 11.2 | O42: 18.11
A43: 22 | B43: ТЕР15-02-002-01 | C43: Высококачественная штукатурка фасадов цементно-известковым раствором по камню стен гладких | D43: 100 м2 оштукатуриваемой поверхности | E43: 1,617 ф41/100 | F43: 3400.18 | G43: 1636.73 | H43: 86.24 | I43: 33.39 | J43: 5498 | K43: 2647 | L43: 139 | M43: 54 | N43: 117.16 | O43: 189.45 | P43: 2.78 | Q43: 4.5
A44: 23 | B44: ТЕР15-02-003-01 | C44: Высококачественная штукатурка фасадов цементно-известковым раствором по камню откосов при ширине до 200 мм плоских | D44: 100 м откосов | E44: 0,527 ((1,81+1,21)*2*7+5,2*2)/100 | F44: 878.69 | G44: 433.6 | H44: 4.61 | J44: 463 | K44: 229 | L44: 2 | N44: 32 | O44: 16.86
A45: Итого прямые затраты по разделу в ценах 2001г. | J45: 49424 | K45: 11732 | L45: 2627 | M45: 178 | O45: 899.65 | Q45: 12.37
A46: Итого прямые затраты по разделу с учетом коэффициентов к итогам | J46: 51893 | K46: 13358 | L46: 3118 | M46: 207 | O46: 1023.13 | Q46: 14.49
A47: В том числе, справочно:
A48: транспортные расходы МАТ=1% (Поз. 20) | J48: 117
A49: заготовительно-складские расходы МАТ=2% (Поз. 20) | J49: 235
A50: МДС35-IV п.4.7._При ремонте и реконструкции зданий и сооружений работы, аналогичные технологическим процессам в новом строительстве ОЗП=1,15; ЭМ=1,25; ЗПМ=1,25; ТЗ=1,15; ТЗМ=1,25 (Поз. 1, 4-5, 13, 17-18, 22-23, 10-11, 15, 19, 21) | J50: 2117 | K50: 1626 | L50: 492 | M50: 30 | O50: 123.483 | Q50: 2.12
A51: Накладные расходы | J51: 13821
A52: Сметная прибыль | J52: 8502
A53: Итоги по разделу 1 Стены :
A54: Конструкции из кирпича и блоков | J54: 3119 | O54: 21.17 | Q54: 1.7
A55: Стены (ремонтно-строительные) | J55: 702 | O55: 6.35 | Q55: 0.02
A56: Работы по реконструкции зданий и сооружений (усиление и замена существующих конструкций, разборка и возведение отдельных конструктивных элементов) | J56: 3394 | O56: 61.2 | Q56: 3.87
A57: Отделочные работы | J57: 30271 | O57: 488.51 | Q57: 8.9
A58: Защита строительных конструкций и оборудования от коррозии | J58: 4875 | O58: 155.32
A59: Малярные работы (ремонтно-строительные) | J59: 245 | O59: 8.88
A60: Теплоизоляционные работы | J60: 19602 | O60: 281.7
A61: Материалы для строительных работ | J61: 12008
A62: Итого | J62: 74216 | O62: 1023.13 | Q62: 14.49
A63: В том числе:
A64: Материалы | J64: 35417
A65: Машины и механизмы | J65: 3118
A66: ФОТ | J66: 13565
A67: Накладные расходы | J67: 13821
A68: Сметная прибыль | J68: 8502
A69: Итого по разделу 1 Стены | J69: 74216 | O69: 1023.13 | Q69: 14.49
A70: Раздел 2. Кровля
A71: 24 | B71: ТЕР12-01-015-03 | C71: Устройство пароизоляции прокладочной в один слой из Изоспана С 331,52 = 1 204,92 - 110 x 7,94 | D71: 100 м2 изолируемой поверхности | E71: 2,336 233,6/100 | F71: 331.52 | G71: 96.59 | H71: 52.86 | I71: 2.37 | J71: 774 | K71: 226 | L71: 123 | M71: 6 | N71: 7.84 | O71: 18.31 | P71: 0.13 | Q71: 0.3
A72: 25 | B72: ТСЦ-101-4134 примен. | C72: Пароизоляция Изоспан С | D72: м2 | E72: 256,96 233,6*1,1 | F72: 12.74 | J72: 3274
A73: 26 | B73: ТЕР12-01-014-01 | C73: Утепление покрытий пенобетоном D300 | D73: 1 м3 утеплителя | E73: 35.6 | F73: 759.12 | G73: 44.73 | H73: 40.2 | I73: 4.79 | J73: 27025 | K73: 1592 | L73: 1431 | M73: 171 | N73: 4.07 | O73: 144.89 | P73: 0.29 | Q73: 10.32
A74: 27 | B74: ТЕР12-01-013-01 | C74: Утепление покрытий утеплителем Тизол Евро Руф толщ. 50 мм 1 757,80 = 6 456,17 - 4,12 x 1 140,38 | D74: 100 м2 утепляемого покрытия | E74: 1,2 120/100 | F74: 1757.8 | G74: 252.45 | H74: 230.67 | I74: 10.56 | J74: 2109 | K74: 303 | L74: 277 | M74: 13 | N74: 21.02 | O74: 25.22 | P74: 0.58 | Q74: 0.7
A75: 28 | B75: Прайс-лист ОАО ТИЗОЛ от 30.07.2013 | C75: Утеплитель Тизол Евро Руф толщ. 50 мм (=371,45/1,18/5,53) | D75: м2 | E75: 123,6 120*1,03 | F75: 56,92 371,45/1,18/5,53 | J75: 7035
A76: 29 | B76: ТЕР12-01-017-01 | C76: Устройство выравнивающих стяжек цементно-песчаных толщиной 15 мм | D76: 100 м2 стяжки | E76: 1,2 120/100 | F76: 1700.9 | G76: 331.27 | H76: 285.91 | I76: 32.05 | J76: 2041 | K76: 398 | L76: 343 | M76: 38 | N76: 27.22 | O76: 32.66 | P76: 1.94 | Q76: 2.33
A77: 30 | B77: ТЕР12-01-017-02 | C77: Устройство выравнивающих стяжек на каждый 1 мм изменения толщины добавлять или исключать к расценке 12-01-017-01 (на толщ. ПЗ=5 (ОЗП=5; ЭМ=5 к расх.; ЗПМ=5; МАТ=5 к расх.; ТЗ=5; ТЗМ=5)) | D77: 100 м2 стяжки | E77: 1,2 120/100 | F77: 424.7 | G77: 60.85 | H77: 20.5 | I77: 2.45 | J77: 510 | K77: 73 | L77: 25 | M77: 3 | N77: 5 | O77: 6 | P77: 0.15 | Q77: 0.18
A78: 31 | B78: ТЕР12-01-015-03 | C78: Устройство пароизоляции прокладочной в один слой из геотекстиля 300г/м2 331,52 = 1 204,92 - 110 x 7,94 | D78: 100 м2 изолируемой поверхности | E78: 1,2 120/100 | F78: 331.52 | G78: 96.59 | H78: 52.86 | I78: 2.37 | J78: 398 | K78: 116 | L78: 63 | M78: 3 | N78: 7.84 | O78: 9.41 | P78: 0.13 | Q78: 0.16
A79: 32 | B79: ТСЦ-101-2696 | C79: Нетканый геотекстиль Дорнит 300 г/м2 | D79: м2 | E79: 132 120*1,1 | F79: 8.09 | J79: 1068
A80: 33 | B80: ТЕР12-01-021-01 примен. | C80: Устройство однослойной кровли из мембраны экопласт V-RP (технониколь) | D80: 100 м2 кровли | E80: 1,2 120/100 | F80: 2117.43 | G80: 778.01 | H80: 127.26 | I80: 1.82 | J80: 2541 | K80: 934 | L80: 153 | M80: 2 | N80: 61.6 | O80: 73.92 | P80: 0.1 | Q80: 0.12
A81: 34 | B81: ФССЦ-101-6054 | C81: Полимерный материал Экопласт V-RP(T) - 1,5 (от ФЕР к ТЕР МАТ=1,05) | D81: м2 | E81: 138 120*1,15 | F81: 61.46 | J81: 8481
A82: 35 | B82: ТЕР12-01-010-01 | C82: Устройство мелких покрытий (брандмауэры, парапеты, свесы и т.п.) из листовой оцинкованной стали | D82: 100 м2 покрытия | E82: 0,262 (0,2*(13,32*2+8,12)+(13,82*2+8,12)*0,38+8,12*0,7)/100 | F82: 15322.3 | G82: 1354.13 | H82: 58.83 | I82: 3.64 | J82: 4014 | K82: 355 | L82: 15 | M82: 1 | N82: 112.75 | O82: 29.54 | P82: 0.2 | Q82: 0.05
A83: 36 | B83: ТЕР12-01-012-01 | C83: Ограждение кровель перилами | D83: 100 м ограждения | E83: 0,081 8,1/100 | F83: 3887.52 | G83: 83.24 | H83: 92.33 | I83: 5.28 | J83: 315 | K83: 7 | L83: 7 | N83: 6.67 | O83: 0.54 | P83: 0.29 | Q83: 0.02
A84: Итого прямые затраты по разделу в ценах 2001г. | J84: 59585 | K84: 4004 | L84: 2437 | M84: 237 | O84: 340.49 | Q84: 14.18
A85: Итого прямые затраты по разделу с учетом коэффициентов к итогам | J85: 61007 | K85: 4605 | L85: 3046 | M85: 296 | O85: 391.56 | Q85: 17.73
A86: В том числе, справочно:
A87: транспортные расходы МАТ=1% (Поз. 28) | J87: 70
A88: заготовительно-складские расходы МАТ=2% (Поз. 28) | J88: 142
A89: МДС35-IV п.4.7._При ремонте и реконструкции зданий и сооружений работы, аналогичные технологическим процессам в новом строительстве ОЗП=1,15; ЭМ=1,25; ЗПМ=1,25; ТЗ=1,15; ТЗМ=1,25 (Поз. 24, 26-27, 29-31, 33, 35-36) | J89: 1210 | K89: 601 | L89: 609 | M89: 59 | O89: 51.0735 | Q89: 3.545
A90: Накладные расходы | J90: 5881
A91: Сметная прибыль | J91: 3186
A92: Итоги по разделу 2 Кровля :
A93: Кровли | J93: 50004 | O93: 391.56 | Q93: 17.73
A94: Материалы | J94: 12823
A95: Материалы для строительных работ | J95: 7247
A96: Итого | J96: 70074 | O96: 391.56 | Q96: 17.73
A97: В том числе:
A98: Материалы | J98: 53356
A99: Машины и механизмы | J99: 3046
A100: ФОТ | J100: 4901
A101: Накладные расходы | J101: 5881
A102: Сметная прибыль | J102: 3186
A103: Итого по разделу 2 Кровля | J103: 70074 | O103: 391.56 | Q103: 17.73
A104: Раздел 3. Проемы
A105: 37 | B105: ТЕР10-01-034-04 | C105: Установка в жилых и общественных зданиях оконных блоков из ПВХ профилей поворотных (откидных, поворотно-откидных) с площадью проема более 2 м2 одностворчатых | D105: 100 м2 проемов | E105: 0,1533 2,19*7/100 | F105: 178976.26 | G105: 1987.59 | H105: 552.31 | I105: 10.31 | J105: 27437 | K105: 305 | L105: 85 | M105: 2 | N105: 161.33 | O105: 24.73 | P105: 0.66 | Q105: 0.1
...

Sheet 02-01-02
H1: ФГУП "Комбинат "Электрохимприбор"
H2: (наименование стройки)
H4: ЛОКАЛЬНЫЙ СМЕТНЫЙ РАСЧЕТ № 02-01-02
H5: (локальная смета)
C7: на | D7: водопровод и канализацию, Реконструкция КПП промышленной площадки №5
H8: (наименование работ и затрат, наименование объекта)
D10: Основание: Р-055/10671-258-ВК
D11: Сметная стоимость строительных работ _______________________________________________________________________________________________ | J11: ___________________________12,342 | L11: тыс. руб.
D12: Средства на оплату труда _______________________________________________________________________________________________ | J12: ___________________________1,245 | L12: тыс. руб.
D13: Сметная трудоемкость _______________________________________________________________________________________________ | J13: _______________________________________________________________________________________________85,78 | L13: чел.час
D14: Составлен(а) в текущих (прогнозных) ценах 2001г.
A17: № пп | B17: Обосно- вание | C17: Наименование | D17: Ед. изм. | E17: Кол. | F17: Стоимость единицы, руб. | J17: Общая стоимость, руб. | N17: Т/з осн. раб.на ед. | O17: Т/з осн. раб. Всего | P17: Т/з мех. на ед. | Q17: Т/з мех. Всего
F18: Всего | G18: В том числе | J18: Всего | K18: В том числе
G19: Осн.З/п | H19: Эк.Маш | I19: З/пМех | K19: Осн.З/п | L19: Эк.Маш | M19: З/пМех
A20: 1 | B20: 2 | C20: 3 | D20: 4 | E20: 5 | F20: 6 | G20: 7 | H20: 8 | I20: 9 | J20: 10 | K20: 11 | L20: 12 | M20: 13 | N20: 14 | O20: 15 | P20: 16 | Q20: 17
A21: Раздел 1. водопровод и канализация
A22: Хоз-питьевой водопровод В1
A23: 1 | B23: ТЕР16-06-005-01 | C23: Установка счетчиков (водомеров) диаметром до 40 мм 7,47 = 1 266,37 - 1 x 1 258,90 | D23: 1 счетчик (водомер) | E23: 1 | F23: 7.47 | G23: 5.43 | H23: 1.09 | J23: 7 | K23: 5 | L23: 1 | N23: 0.41 | O23: 0.41
A24: 2 | B24: ООО"Калипсо" 1кв 2013 | C24: Счетчик универсальный с импульсным входом ВСКМ90ГД-15 580,75/1,18/5,52 (коэф на транспорт МАТ=1%) | D24: шт | E24: 1 | F24: 90,05 580,75/1,18/5,52 | J24: 90
A25: 3 | B25: ТЕР18-07-001-02 | C25: Установка манометров с трехходовым краном | D25: 1 компл. | E25: 1 | F25: 244.31 | G25: 3.07 | J25: 244 | K25: 3 | N25: 0.22 | O25: 0.22
A26: 4 | B26: Данфосс 1кв2013г | C26: Фильтр сетчатый муфтовый Y666 д25мм 104,15*40/5,52 (коэф на транспорт МАТ=1%) | D26: шт | E26: 1 | F26: 762,26 104,15*40/5,52 | J26: 762
A27: 5 | B27: ТСЦ-302-1833 | C27: Кран шаровой муфтовый 11Б27П1, диаметром 25 мм | D27: шт. | E27: 6 | F27: 56.62 | J27: 340
A28: 6 | B28: ТСЦ-302-1831 | C28: Кран шаровой муфтовый 11Б27П1, диаметром 15 мм | D28: шт. | E28: 4 | F28: 25.14 | J28: 101
A29: 7 | B29: ТСЦ-302-1279 | C29: Вентили проходные муфтовые 15Б3Р для воды и пара давлением 1,0 МПа (10 кгс/см2) диаметром 25 мм | D29: шт. | E29: 1 | F29: 39.2 | J29: 39
A30: 8 | B30: ТСЦ-301-0616 | C30: Смесители для умывальников СМ-УМ-ОРА с поворотным корпусом, одной рукояткой, с аэратором | D30: компл. | E30: 1 | F30: 282 | J30: 282
A31: 9 | B31: ТЕР16-02-002-06 | C31: Прокладка трубопроводов водоснабжения из стальных водогазопроводных оцинкованных труб диаметром 50 мм | D31: 100 м трубопровода | E31: 0,005 0,5/100 | F31: 10345.12 | G31: 645.39 | H31: 142.18 | I31: 3.82 | J31: 52 | K31: 3 | L31: 1 | N31: 47.63 | O31: 0.24 | P31: 0.21
A32: 10 | B32: ТЕР16-04-002-03 | C32: Прокладка трубопроводов водоснабжения из напорных полиэтиленовых труб низкого давления среднего типа наружным диаметром 32 мм 2 304,16 = 3 066,66 - 9,38 x 81,29 | D32: 100 м трубопровода | E32: 0,14 14/100 | F32: 2304.16 | G32: 1701.55 | H32: 541.81 | I32: 82.32 | J32: 323 | K32: 238 | L32: 76 | M32: 12 | N32: 121.8 | O32: 17.05 | P32: 4.72 | Q32: 0.66
A33: 11 | B33: Экопластик 2013г | C33: Труба Wavin Ekoplastik FIBER PN20 32х5.4 5,09*40/1,18/5,52 (коэф на транспарт МАТ=1%) | D33: м | E33: 14 | F33: 31,57 5,09*40/1,18/5,52 | J33: 442
A34: 12 | B34: Экопластик 2013г | C34: Переход с металл. резьбой наружной Ekoplastik "dGK 32х5.4 6.64*40/1,18/5,52 (коэф на транспорт МАТ=1%) | D34: шт | E34: 7 | F34: 41,19 6.64*40/1,18/5,52 | J34: 288
A35: 13 | B35: Экопластик 2013г | C35: Переход с металл. резьбой внутренней Ekoplastik "dGK 32х5.4 5,25*40/1,18/5,52 (коэф на транспарт МАТ=1%) | D35: шт | E35: 5 | F35: 32,56 5,25*40/1,18/5,52 | J35: 163
A36: 14 | B36: Экопластик 2013г | C36: Угольник с металл. резьбой внутренней Ekoplastik д32 6,44*40/1,18/5,52 (коэф на транспарт МАТ=1%) | D36: шт | E36: 1 | F36: 39,95 6,44*40/1,18/5,52 | J36: 40
A37: 15 | B37: ТЕР16-04-002-01 | C37: Прокладка трубопроводов водоснабжения из напорных полиэтиленовых труб низкого давления среднего типа наружным диаметром 20 мм 4 230,69 = 4 717,86 - 8,99 x 54,19 | D37: 100 м трубопровода | E37: 0,12 12/100 | F37: 4230.69 | G37: 2657.65 | H37: 1481.49 | I37: 233.91 | J37: 508 | K37: 319 | L37: 178 | M37: 28 | N37: 190.24 | O37: 22.83 | P37: 13.42 | Q37: 1.61
A38: 16 | B38: Экопластик 2013г | C38: Труба Wavin Ekoplastik FIBER PN20 20х3.4 2,33*40/1,18/5,52 (коэф на транспарт МАТ=1%) | D38: м | E38: 14 | F38: 14,45 2,33*40/1,18/5,52 | J38: 202
A39: 17 | B39: ООО"Стройпласт" 2013 | C39: Переход латунный НР 25х15 191/1,18/5,52 (коэф на транспарт МАТ=1%) | D39: шт | E39: 1 | F39: 29,61 191/1,18/5,52 | J39: 30
A40: 18 | B40: ООО"Стройпласт" 2013 | C40: Переход латунный НР-ВР 25х15 191/1,18/5,52 (коэф на транспарт МАТ=1%) | D40: шт | E40: 1 | F40: 29,61 191/1,18/5,52 | J40: 30
A41: 19 | B41: ООО"Стройпласт" 2013 | C41: Тройник латунный НР-ВР 15 179/1,18/5,52 (коэф на транспарт МАТ=1%) | D41: шт | E41: 1 | F41: 27,75 179/1,18/5,52 | J41: 28
A42: 20 | B42: Экопластик 2013г | C42: Тройник с металл. резьбой наружной д20 3,51*40/1,18/5,52 (коэф на транспарт МАТ=1% к расх.) | D42: шт | E42: 3 | F42: 21,77 3,51*40/1,18/5,52 | J42: 65
A43: 21 | B43: ТСЦ-301-1520 | C43: Подводка гибкая армированная резиновая 500 мм | D43: шт. | E43: 2 | F43: 33.31 | J43: 67
A44: 22 | B44: ТСЦ-301-0608 | C44: Рукава резинотканевые напорно-всасывающие для воды давлением 1 МПа (10 кгс/см2), диаметром 25 мм | D44: м | E44: 35 | F44: 59.12 | J44: 2069
A45: 23 | B45: ТЕР16-07-005-01 | C45: Гидравлическое испытание трубопроводов систем отопления, водопровода и горячего водоснабжения диаметром до 50 мм | D45: 100 м трубопровода | E45: 0,265 26,5/100 | F45: 104.4 | G45: 82.16 | H45: 15.29 | J45: 28 | K45: 22 | L45: 4 | N45: 5.01 | O45: 1.33
A46: 24 | B46: ТСЦ-301-1224 | C46: Крепления для трубопроводов: кронштейны, планки, хомуты | D46: кг | E46: 1 | F46: 17.02 | J46: 17
A47: 25 | B47: ТЕР13-03-002-04 | C47: Огрунтовка металлических поверхностей за один раз грунтовкой ГФ-021 | D47: 100 м2 окрашиваемой поверхности | E47: 0,01 1/100 | F47: 417.46 | G47: 79.65 | H47: 10.15 | I47: 0.16 | J47: 4 | K47: 1 | N47: 5.31 | O47: 0.05 | P47: 0.01
A48: 26 | B48: ТЕР13-03-004-26 | C48: Окраска металлических огрунтованных поверхностей эмалью ПФ-115 (коэффициент на объем ПЗ=2 (ОЗП=2; ЭМ=2 к расх.; ЗПМ=2; МАТ=2 к расх.; ТЗ=2; ТЗМ=2)) | D48: 100 м2 окрашиваемой поверхности | E48: 0,01 1/100 | F48: 1261.82 | G48: 97.9 | H48: 13.36 | I48: 0.32 | J48: 13 | K48: 1 | N48: 7.66 | O48: 0.08 | P48: 0.02
A49: водопровод горячей воды Т3
A50: 27 | B50: ТЕР18-02-003-01 | C50: Установка водоподогревателей емкостных вместимостью до 1 м3 619,08 = 5 992,28 - 1 x 5 373,20 | D50: 1 водоподогреватель | E50: 1 | F50: 619.08 | G50: 191.24 | H50: 66.08 | I50: 4.19 | J50: 619 | K50: 191 | L50: 66 | M50: 4 | N50: 14.61 | O50: 14.61 | P50: 0.23 | Q50: 0.23
A51: 28 | B51: Италия 2013г | C51: Ariston PRO 10 R/3 V=10л N=1,2квт 3250/1,18/5,52 (коэф на транспорт МАТ=1%) | D51: шт | E51: 1 | F51: 503,95 3250/1,18/5,52 | J51: 504
A52: 29 | B52: ТЕР16-04-002-01 | C52: Прокладка трубопроводов водоснабжения из напорных полиэтиленовых труб низкого давления среднего типа наружным диаметром 20 мм 4 230,69 = 4 717,86 - 8,99 x 54,19 | D52: 100 м трубопровода | E52: 0,03 3/100 | F52: 4230.69 | G52: 2657.65 | H52: 1481.49 | I52: 233.91 | J52: 127 | K52: 80 | L52: 44 | M52: 7 | N52: 190.24 | O52: 5.71 | P52: 13.42 | Q52: 0.4
A53: 30 | B53: Экопластик 2013г | C53: Труба Wavin Ekoplastik FIBER PN20 20х3.4 2,33*40/1,18/5,52 (коэф на транспорт МАТ=1% к расх.) | D53: м | E53: 3 | F53: 14,45 2,33*40/1,18/5,52 | J53: 43
A54: 31 | B54: Экопластик 2013г | C54: Переход с металл. резьбой наружной Ekoplastik "dGK д20мм 3,41*40/1,18/5,52 (коэф на транспорт МАТ=1%) | D54: шт | E54: 2 | F54: 21,15 3,41*40/1,18/5,52 | J54: 42
A55: 32 | B55: ТСЦ-301-1520 | C55: Подводка гибкая армированная резиновая 500 мм | D55: шт. | E55: 1 | F55: 33.31 | J55: 33
A56: 33 | B56: ТСЦ-301-0607 | C56: Рукава резинотканевые напорно-всасывающие для воды давлением 1 МПа (10 кгс/см2), диаметром 20 мм | D56: м | E56: 2 | F56: 53.16 | J56: 106
A57: 34 | B57: ТСЦ-302-1831 | C57: Кран шаровой муфтовый 11Б27П1, диаметром 15 мм | D57: шт. | E57: 1 | F57: 25.14 | J57: 25
A58: 35 | B58: ТЕР16-07-005-01 | C58: Гидравлическое испытание трубопроводов систем отопления, водопровода и горячего водоснабжения диаметром до 50 мм | D58: 100 м трубопровода | E58: 0,03 3/100 | F58: 104.4 | G58: 82.16 | H58: 15.29 | J58: 3 | K58: 2 | N58: 5.01 | O58: 0.15
A59: 36 | B59: ТСЦ-301-1224 | C59: Крепления для трубопроводов: кронштейны, планки, хомуты | D59: кг | E59: 0.2 | F59: 17.02 | J59: 3
A60: хоз-бытовая канализация К1
A61: 37 | B61: ТЕР17-01-003-01 | C61: Установка унитазов с бачком непосредственно присоединенным | D61: 10 компл. | E61: 0,1 1/10 | F61: 5639.05 | G61: 330.18 | H61: 56.04 | I61: 5 | J61: 564 | K61: 33 | L61: 6 | M61: 1 | N61: 24.64 | O61: 2.46 | P61: 0.32 | Q61: 0.03
A62: 38 | B62: ТЕР17-01-001-14 | C62: Установка умывальников одиночных с подводкой холодной и горячей воды | D62: 10 компл. | E62: 0,1 1/10 | F62: 407.19 | G62: 293.36 | H62: 29.83 | I62: 2.03 | J62: 41 | K62: 29 | L62: 3 | N62: 21.65 | O62: 2.17 | P62: 0.13 | Q62: 0.01
A63: 39 | B63: ТСЦ-301-0823 | C63: Умывальники полуфарфоровые и фарфоровые с кронштейнами, сифоном бутылочным латунным и выпуском, овальные со скрытыми установочными поверхностями без спинки размером 550х420х150 мм | D63: компл. | E63: 1 | F63: 185.03 | J63: 185
A64: 40 | B64: ТЕР16-04-001-01 | C64: Прокладка трубопроводов канализации из полиэтиленовых труб высокой плотности диаметром 50 мм 978,44 = 5 197,98 - 99,8 x 42,28 | D64: 100 м трубопровода | E64: 0,025 2,5/100 | F64: 978.44 | G64: 897.43 | H64: 15.84 | I64: 0.36 | J64: 24 | K64: 22 | N64: 64.24 | O64: 1.61 | P64: 0.02
A65: 41 | B65: ФССЦ-507-4329 | C65: Трубы безнапорные канализационные из полипропилена, диаметром 50 мм (коэф перехода от фер к тер МАТ=1,052) | D65: м | E65: 2.5 | F65: 10.92 | J65: 27
A66: 42 | B66: ТЕР16-04-001-02 | C66: Прокладка трубопроводов канализации из полиэтиленовых труб высокой плотности диаметром 100 мм 1 062,92 = 8 610,79 - 99,8 x 75,63 | D66: 100 м трубопровода | E66: 0,07 7/100 | F66: 1062.92 | G66: 860.55 | H66: 36.81 | I66: 1.09 | J66: 74 | K66: 60 | L66: 3 | N66: 61.6 | O66: 4.31 | P66: 0.06
A67: 43 | B67: ФССЦ-507-4330 | C67: Трубы безнапорные канализационные из полипропилена, диаметром 110 мм (коэф перехода от фер к тер МАТ=1,052) | D67: м | E67: 7 | F67: 45.78 | J67: 320
A68: 44 | B68: ФССЦ-507-0789 | C68: Переходы диаметром условного прохода 100/50 мм и наружным диаметром 122/67 мм (коэф перехода от фер к тер МАТ=1,052) | D68: шт. | E68: 1 | F68: 92.13 | J68: 92
A69: 45 | B69: ФССЦ-507-4358 | C69: Крестовина канализационная полиэтиленовая двухплоскостная размером 110x110x50 мм (коэф перехода от фер к тер МАТ=1,052) | D69: шт. | E69: 1 | F69: 14.15 | J69: 14
A70: 46 | B70: ФССЦ-507-3323 | C70: Тройник полипропиленовый переходной диаметром 110х90х110 мм (коэф перехода от фер к тер МАТ=1,052) | D70: шт. | E70: 1 | F70: 96.65 | J70: 97
A71: 47 | B71: ФССЦ-507-4379 | C71: Отвод канализационный полипропиленовый 87,5° диаметр 50 мм (коэф перехода от фер к тер МАТ=1,052) | D71: шт. | E71: 2 | F71: 3.32 | J71: 7
A72: 48 | B72: ФССЦ-507-4366 | C72: Ревизия полипропиленовая с крышкой диаметром 100 мм (коэф перехода от фер к тер МАТ=1,052) | D72: шт. | E72: 1 | F72: 15.97 | J72: 16
A73: 49 | B73: ТСЦ-103-1011 | C73: Муфты надвижные диаметром 100 мм | D73: шт. | E73: 1 | F73: 30.04 | J73: 30
A74: 50 | B74: ТСЦ-507-1973 | C74: Отводы 90 град. с радиусом кривизны R=1,5 Ду на Ру до 16 МПа (160 кгс/см2), диаметром условного прохода 50 мм, наружным диаметром 57 мм, толщиной стенки 3 мм Для изготовления сифона | D74: шт. | E74: 2 | F74: 21.4 | J74: 43
A75: 51 | B75: ТЕР16-07-002-04 | C75: Установка воронок сливных диаметром 150 мм | D75: 1 воронка | E75: 1 | F75: 104.49 | G75: 16.97 | H75: 1.09 | J75: 104 | K75: 17 | L75: 1 | N75: 1.36 | O75: 1.36
A76: 52 | B76: ТСЦ-301-1224 | C76: Крепления для трубопроводов: кронштейны, планки, хомуты | D76: кг | E76: 2 | F76: 17.02 | J76: 34
A77: Итого прямые затраты по смете в ценах 2001г. | J77: 9411 | K77: 1026 | L77: 383 | M77: 52 | O77: 74.59 | Q77: 2.94
A78: Итого прямые затраты по смете с учетом коэффициентов к итогам | J78: 9716 | K78: 1180 | L78: 479 | M78: 65 | O78: 85.78 | Q78: 3.68
A79: В том числе, справочно:
A80: заготовительно-складские расходы на материалы МАТ=2% (Поз. 2, 4, 11-14, 16-20, 28, 30-31) | J80: 55
A81: МДС35-IV п.4.7._При ремонте и реконструкции зданий и сооружений работы, аналогичные технологическим процессам в новом строительстве ОЗП=1,15; ЭМ=1,25; ЗПМ=1,25; ТЗ=1,15; ТЗМ=1,25 (Поз. 1, 3, 5-10, 15, 21-24, 27, 29, 32-52) | J81: 250 | K81: 154 | L81: 96 | M81: 13 | O81: 11.169 | Q81: 0.735
A82: Накладные расходы | J82: 1593
A83: В том числе, справочно:
A84: 90% ФОТ (от 2) (Поз. 25-26) | J84: 2
A85: 128% ФОТ (от 1243) (Поз. 1, 3, 5-10, 15, 21-24, 27, 29, 32-52) | J85: 1591
A86: Сметная прибыль | J86: 1033
A87: В том числе, справочно:
A88: 70% ФОТ (от 2) (Поз. 25-26) | J88: 1
A89: 83% ФОТ (от 1243) (Поз. 1, 3, 5-10, 15, 21-24, 27, 29, 32-52) | J89: 1032
A90: Итоги по смете:
A91: Сантехнические работы - внутренние (трубопроводы, водопровод, канализация, отопление, газоснабжение, вентиляция и кондиционирование воздуха) | J91: 9538 | O91: 85.63 | Q91: 3.68
A92: Материалы | J92: 2784
A93: Защита строительных конструкций и оборудования от коррозии | J93: 20 | O93: 0.15
A94: Итого | J94: 12342 | O94: 85.78 | Q94: 3.68
A95: В том числе:
A96: Материалы | J96: 8057
A97: Машины и механизмы | J97: 479
A98: ФОТ | J98: 1245
A99: Накладные расходы | J99: 1593
A100: Сметная прибыль | J100: 1033
A101: ВСЕГО по смете | J101: 12342 | O101: 85.78 | Q101: 3.68

Sheet 02-01-03
H1: ФГУП "Комбинат "Электрохимприбор"
H2: (наименование стройки)
H4: ЛОКАЛЬНЫЙ СМЕТНЫЙ РАСЧЕТ № 02-01-03
H5: (локальная смета)
C7: на | D7: отопление, Реконструкция КПП промышленной площадки №5
H8: (наименование работ и затрат, наименование объекта)
D10: Основание: Р-055/10671-258-ОВ
D11: Сметная стоимость _______________________________________________________________________________________________ | J11: ___________________________34,813 | L11: тыс. руб.
D12: строительных работ _______________________________________________________________________________________________ | J12: _______________________________________________________________________________________________28,955 | L12: тыс. руб.
D13: монтажных работ _______________________________________________________________________________________________ | J13: _______________________________________________________________________________________________5,858 | L13: тыс. руб.
D14: Средства на оплату труда _______________________________________________________________________________________________ | J14: ___________________________2,125 | L14: тыс. руб.
D15: Сметная трудоемкость _______________________________________________________________________________________________ | J15: _______________________________________________________________________________________________155,1 | L15: чел.час
D16: Составлен(а) в текущих (прогнозных) ценах 2001г.
A19: № пп | B19: Обосно- вание | C19: Наименование | D19: Ед. изм. | E19: Кол. | F19: Стоимость единицы, руб. | J19: Общая стоимость, руб. | N19: Т/з осн. раб.на ед. | O19: Т/з осн. раб. Всего | P19: Т/з мех. на ед. | Q19: Т/з мех. Всего
F20: Всего | G20: В том числе | J20: Всего | K20: В том числе
G21: Осн.З/п | H21: Эк.Маш | I21: З/пМех | K21: Осн.З/п | L21: Эк.Маш | M21: З/пМех
A22: 1 | B22: 2 | C22: 3 | D22: 4 | E22: 5 | F22: 6 | G22: 7 | H22: 8 | I22: 9 | J22: 10 | K22: 11 | L22: 12 | M22: 13 | N22: 14 | O22: 15 | P22: 16 | Q22: 17
A23: Раздел 1. Отопление
A24: 1 | B24: ТЕР16-02-005-01 | C24: Прокладка трубопроводов отопления и водоснабжения из стальных электросварных труб диаметром до 40 мм 1 042,84 = 6 013,84 - 100 x 49,71 | D24: 100 м трубопровода | E24: 0,04 4/100 | F24: 1042.84 | G24: 837.02 | H24: 157.48 | I24: 3.46 | J24: 42 | K24: 33 | L24: 6 | N24: 60.83 | O24: 2.43 | P24: 0.19 | Q24: 0.01
A25: 2 | B25: ТСЦ-103-0133 | C25: Трубы стальные электросварные прямошовные со снятой фаской из стали марок БСт2кп-БСт4кп и БСт2пс-БСт4пс наружный диаметр 38 мм, толщина стенки 2 мм | D25: м | E25: 4 | F25: 19.8 | J25: 79
A26: 3 | B26: ТЕР16-02-001-02 | C26: Прокладка трубопроводов отопления из стальных водогазопроводных неоцинкованных труб диаметром 20 мм | D26: 100 м трубопровода | E26: 0,4 40/100 | F26: 4340.3 | G26: 446.74 | H26: 69.04 | I26: 2.73 | J26: 1736 | K26: 179 | L26: 28 | M26: 1 | N26: 32.97 | O26: 13.19 | P26: 0.15 | Q26: 0.06
A27: 4 | B27: ТЕР16-02-001-03 | C27: Прокладка трубопроводов отопления из стальных водогазопроводных неоцинкованных труб диаметром 25 мм | D27: 100 м трубопровода | E27: 0,9 90/100 | F27: 4893.53 | G27: 446.74 | H27: 69.04 | I27: 2.73 | J27: 4404 | K27: 402 | L27: 62 | M27: 2 | N27: 32.97 | O27: 29.67 | P27: 0.15 | Q27: 0.14
A28: 5 | B28: ТЕР16-07-005-01 | C28: Гидравлическое испытание трубопроводов систем отопления, водопровода и горячего водоснабжения диаметром до 50 мм | D28: 100 м трубопровода | E28: 1,34 134/100 | F28: 104.4 | G28: 82.16 | H28: 15.29 | J28: 140 | K28: 110 | L28: 20 | N28: 5.01 | O28: 6.71
A29: 6 | B29: ТЕРм08-03-602-01 | C29: Установка конвектора | D29: 1 шт. | E29: 2 | F29: 24.58 | G29: 16.76 | H29: 3.67 | I29: 0.18 | J29: 49 | K29: 34 | L29: 7 | N29: 1.2 | O29: 2.4 | P29: 0.01 | Q29: 0.02
A30: 7 | B30: Прайс-лист "Термомир" 2кв.2013г. | C30: Конвектор Thermor 1000 в комплекте с термостатом (Цена=3690/1,18/5,56) | D30: шт | E30: 2 | F30: 565,48 3690/1,18/5,53 | J30: 1131
A31: 8 | B31: ТЕР18-03-001-01 | C31: Установка радиаторов чугунных | D31: 100 кВт радиаторов и конвекторов | E31: 0,1 10/100 | F31: 23624.42 | G31: 956.09 | H31: 487.05 | I31: 42.84 | J31: 2362 | K31: 96 | L31: 49 | M31: 4 | N31: 75.7 | O31: 7.57 | P31: 2.72 | Q31: 0.27
A32: 9 | B32: ТСЦ-302-0472 | C32: Краны регулирующие трехходовые КРТПП, латунные диаметром 20 мм | D32: шт. | E32: 9 | F32: 30.93 | J32: 278
A33: 10 | B33: ТСЦ-302-1832 | C33: Кран шаровой муфтовый 11Б27П1, диаметром 20 мм | D33: шт. | E33: 13 | F33: 39.32 | J33: 511
A34: 11 | B34: ТСЦ-302-1833 | C34: Кран шаровой муфтовый 11Б27П1, диаметром 25 мм | D34: шт. | E34: 2 | F34: 56.62 | J34: 113
A35: 12 | B35: ТЕР16-05-001-01 | C35: Установка вентилей, задвижек, затворов, клапанов обратных, кранов проходных на трубопроводах из стальных труб диаметром до 25 мм 45,54 = 84,10 - 2 x 19,28 | D35: 1 шт. | E35: 2 | F35: 45.54 | G35: 18.79 | H35: 4.23 | J35: 91 | K35: 38 | L35: 8 | N35: 1.47 | O35: 2.94
A36: 13 | B36: Прайс-лист ООО "Данфосс" 2кв. 2013г. | C36: Ручной балансировочный клапан MSV-F2 Ду25 код 003Z1087 (Цена=182х41,3/5,53) | D36: шт | E36: 2 | F36: 1359,24 182*41,3/5,53 | J36: 2718
A37: 14 | B37: ТСЦ-507-0997 | C37: Фланцы стальные плоские приварные из стали ВСт3сп2, ВСт3сп3, давлением 1,6 МПа (16 кгс/см2), диаметром 25 мм | D37: шт. | E37: 4 | F37: 24.1 | J37: 96
A38: 15 | B38: ТЕР18-07-001-05 | C38: Установка кранов воздушных | D38: 1 компл. | E38: 9 | F38: 15.29 | G38: 1.73 | J38: 138 | K38: 16 | N38: 0.12 | O38: 1.08
A39: 16 | B39: ТСЦ-301-1224 | C39: Крепления для трубопроводов: кронштейны, планки, хомуты | D39: кг | E39: 25 | F39: 17.02 | J39: 426
A40: 17 | B40: ТЕР13-03-002-04 | C40: Огрунтовка металлических поверхностей за один раз грунтовкой ГФ-021 | D40: 100 м2 окрашиваемой поверхности | E40: 0,08 8/100 | F40: 417.46 | G40: 79.65 | H40: 10.15 | I40: 0.16 | J40: 33 | K40: 6 | L40: 1 | N40: 5.31 | O40: 0.42 | P40: 0.01
A41: 18 | B41: ТЕР13-03-004-23 | C41: Окраска металлических огрунтованных поверхностей краской БТ-177 серебристой | D41: 100 м2 окрашиваемой поверхности | E41: 0,16 16/100 | F41: 388.79 | G41: 36.81 | H41: 13.3 | I41: 0.16 | J41: 62 | K41: 6 | L41: 2 | N41: 2.88 | O41: 0.46 | P41: 0.01
A42: 19 | B42: ТЕР26-01-017-01 | C42: Изоляция трубопроводов изделиями из вспененного каучука («Армофлекс»), вспененного полиэтилена («Термофлекс») трубками 259,25 = 1 189,41 - 11 x 84,56 | D42: 10 м трубопровода | E42: 1 10/10 | F42: 259.25 | G42: 49.17 | H42: 28.25 | J42: 259 | K42: 49 | L42: 28 | N42: 3.52 | O42: 3.52
A43: 20 | B43: ФССЦ-104-0396 | C43: Трубки из вспененного каучука, толщиной 19 мм, диаметром 35 мм (от ФЕР к ТЕР Свердлов. обл. МАТ=1,05) | D43: м | E43: 6,6 6*1,1 | F43: 117.01 | J43: 772
A44: 21 | B44: ФССЦ-104-0397 | C44: Трубки из вспененного каучука, толщиной 25 мм, диаметром 42 мм (от ФЕР к ТЕР Свердлов. обл. МАТ=1,05) | D44: м | E44: 4,4 4*1,1 | F44: 132.79 | J44: 584
A45: Узел управления
A46: 22 | B46: ТЕР16-05-001-01 | C46: Установка вентилей, задвижек, затворов, клапанов обратных, кранов проходных на трубопроводах из стальных труб диаметром до 25 мм 45,54 = 84,10 - 2 x 19,28 | D46: 1 шт. | E46: 3 2+1 | F46: 45.54 | G46: 18.79 | H46: 4.23 | J46: 137 | K46: 56 | L46: 13 | N46: 1.47 | O46: 4.41
A47: 23 | B47: Прайс-лист Элита 2кв. 2013г | C47: Шаровой кран Naval фланцевый, код 285506 DN 25 (PN-40) (=3990,68/1,18/5,53) | D47: шт | E47: 3 | F47: 611,56 3990,68/1,18/5,53 | J47: 1835
A48: 24 | B48: ТСЦ-507-1684 | C48: Фланцы из углеродистой стали марки 20 и 25 с температурным пределом применения от 243 К (-30град.С) до 698 К (+425град.С) на условное давление Ру от 0,1 до 0,25 МПа (от 1 до 2,5 кгс/см2), диаметром условного прохода 25 мм | D48: компл. | E48: 3 | F48: 169.5 | J48: 509
A49: 25 | B49: ТЕР16-05-001-01 | C49: Установка вентилей, задвижек, затворов, клапанов обратных, кранов проходных на трубопроводах из стальных труб диаметром до 25 мм 45,54 = 84,10 - 2 x 19,28 | D49: 1 шт. | E49: 1 | F49: 45.54 | G49: 18.79 | H49: 4.23 | J49: 46 | K49: 19 | L49: 4 | N49: 1.47 | O49: 1.47
A50: 26 | B50: Прайс-лист ООО "Данфосс" 2кв. 2013г. | C50: Ручной балансировочный клапан MSV-F2 Ду25 код 003Z1087 (Цена=182х41,3/5,53) | D50: шт | E50: 1 | F50: 1359,24 182*41,3/5,53 | J50: 1359
A51: 27 | B51: ТСЦ-507-0997 | C51: Фланцы стальные плоские приварные из стали ВСт3сп2, ВСт3сп3, давлением 1,6 МПа (16 кгс/см2), диаметром 25 мм | D51: шт. | E51: 2 | F51: 24.1 | J51: 48
A52: 28 | B52: ТСЦ-302-1833 | C52: Кран шаровой муфтовый 11Б27П1, диаметром 25 мм | D52: шт. | E52: 8 | F52: 56.62 | J52: 453
A53: 29 | B53: ТЕР18-06-002-01 | C53: Установка грязевиков наружным диаметром патрубков до 45 мм | D53: 1 шт. | E53: 2 | F53: 627.97 | G53: 37.7 | H53: 9.36 | I53: 0.18 | J53: 1256 | K53: 75 | L53: 19 | N53: 2.88 | O53: 5.76 | P53: 0.01 | Q53: 0.02
A54: 30 | B54: Прайс-лист ООО "Данфосс" 2кв. 2013г. | C54: Обратный клапан пружинный с внутренней резьбой Ду25 код 065B8226 (Цена=13,67х41,3/5,53) | D54: шт | E54: 1 | F54: 102,09 13,67*41,3/5,53 | J54: 102
A55: 31 | B55: ТЕРм12-10-001-04 | C55: Отборное устройство давления | D55: 100 шт. | E55: 0,09 9/100 | F55: 1847.06 | G55: 1517.6 | H55: 271.63 | J55: 166 | K55: 137 | L55: 24 | N55: 112 | O55: 10.08
A56: 32 | B56: Прайс-лист ООО "КонтрольПрибор" 2кв.2013г. | C56: Отборное устройство давления с трехходовым краном 11б18бк (11б38бк) 1,6-225; 1,6-70-Ст20-МП (Цена=560/1,18/5,53) | D56: шт. | E56: 7 | F56: 85,82 560/1,18/5,53 | J56: 601
A57: 33 | B57: ТЕР18-07-001-03 | C57: Установка манометров с трехходовым краном и трубкой-сифоном | D57: 1 компл. | E57: 4 | F57: 273.76 | G57: 4.27 | J57: 1095 | K57: 17 | N57: 0.31 | O57: 1.24
A58: 34 | B58: ТЕР18-07-001-04 | C58: Установка термометров в оправе прямых и угловых | D58: 1 компл. | E58: 3 | F58: 365.03 | G58: 4.11 | J58: 1095 | K58: 12 | N58: 0.31 | O58: 0.93
A59: 35 | B59: ТЕР20-02-019-01 | C59: Установка кронштейнов под вентиляционное оборудование (Опора №1 уголок 50х50х5) | D59: 100 кг изделия | E59: 0,492 3*16,4/100 | F59: 1155.74 | G59: 77.9 | H59: 14.44 | J59: 569 | K59: 38 | L59: 7 | N59: 6.02 | O59: 2.96
A60: 36 | B60: ТЕР16-02-001-03 | C60: Прокладка трубопроводов отопления из стальных водогазопроводных неоцинкованных труб диаметром 25 мм | D60: 100 м трубопровода | E60: 0,13 13/100 | F60: 4893.53 | G60: 446.74 | H60: 69.04 | I60: 2.73 | J60: 636 | K60: 58 | L60: 9 | N60: 32.97 | O60: 4.29 | P60: 0.15 | Q60: 0.02
A61: 37 | B61: ТЕР16-07-005-01 | C61: Гидравлическое испытание трубопроводов систем отопления, водопровода и горячего водоснабжения диаметром до 50 мм | D61: 100 м трубопровода | E61: 0,13 13/100 | F61: 104.4 | G61: 82.16 | H61: 15.29 | J61: 14 | K61: 11 | L61: 2 | N61: 5.01 | O61: 0.65
A62: 38 | B62: ТЕР13-03-002-04 | C62: Огрунтовка металлических поверхностей за один раз грунтовкой ГФ-021 | D62: 100 м2 окрашиваемой поверхности | E62: 0,015 1,5/100 | F62: 417.46 | G62: 79.65 | H62: 10.15 | I62: 0.16 | J62: 6 | K62: 1 | N62: 5.31 | O62: 0.08 | P62: 0.01
A63: 39 | B63: ТЕР13-03-004-23 | C63: Окраска металлических огрунтованных поверхностей краской БТ-177 серебристой | D63: 100 м2 окрашиваемой поверхности | E63: 0,03 3/100 | F63: 388.79 | G63: 36.81 | H63: 13.3 | I63: 0.16 | J63: 12 | K63: 1 | N63: 2.88 | O63: 0.09 | P63: 0.01
A64: 40 | B64: ТЕР26-01-017-01 | C64: Изоляция трубопроводов изделиями из вспененного каучука («Армофлекс»), вспененного полиэтилена («Термофлекс») трубками 259,25 = 1 189,41 - 11 x 84,56 | D64: 10 м трубопровода | E64: 0,7 7/10 | F64: 259.25 | G64: 49.17 | H64: 28.25 | J64: 181 | K64: 34 | L64: 20 | N64: 3.52 | O64: 2.46
A65: 41 | B65: ФССЦ-104-0396 | C65: Трубки из вспененного каучука, толщиной 25 мм, диаметром 35 мм (от ФЕР к ТЕР Свердлов. обл. МАТ=1,05) | D65: м | E65: 7,7 7*1,1 | F65: 117.01 | J65: 901
A66: 42 | B66: ТЕР13-03-004-26 | C66: Окраска металлических огрунтованных поверхностей краской Нержамет 65,66 = 630,91 - 0,019 x 29 750,00 (коэффициент на объем ПЗ=2 (ОЗП=2; ЭМ=2 к расх.; ЗПМ=2; МАТ=2 к расх.; ТЗ=2; ТЗМ=2)) | D66: 100 м2 окрашиваемой поверхности | E66: 0,01 1/100 | F66: 131.32 | G66: 97.9 | H66: 13.36 | I66: 0.32 | J66: 1 | K66: 1 | N66: 7.66 | O66: 0.08 | P66: 0.02
A67: 43 | B67: Прайс-лист "КрасКо", 2кв.2013г. | C67: Краска для металла антикоррозионная Нержамет (Цена=173/1,18/5,53) | D67: кг | E67: 0,5 0,25*1*2 | F67: 26,51 173/1,18/5,53 | J67: 13
A68: 44 | B68: ТЕРм12-10-002-01 | C68: Закладное устройство | D68: 1000 шт. | E68: 0,009 (3+4+1+1)/1000 | F68: 17891.76 | G68: 15176 | H68: 2274.83 | J68: 161 | K68: 137 | L68: 20 | N68: 1120 | O68: 10.08
A69: 45 | B69: Прайс-лист ООО "КонтрольПрибор" 3кв.2012г. | C69: Закладное устройство ЗК14-2-12, ЗК14-2-1,ЗК14-2-17, ЗК14-2-7 (КИП1-КИП4) (Цена=620/1,18/5,53) | D69: шт. | E69: 13 | F69: 95,01 620/1,18/5,53 | J69: 1235
A70: 46 | B70: ТЕРм12-10-001-03 | C70: Расширитель с бобышкой из углеродистой стали, диаметр корпуса расширителя до 108 мм на условное давление до 10 МПа для трубопроводов диаметром до 76 мм | D70: 100 шт. | E70: 0,05 5/100 | F70: 11479.79 | G70: 4864.45 | H70: 934.04 | I70: 126.83 | J70: 574 | K70: 243 | L70: 47 | M70: 6 | N70: 359 | O70: 17.95 | P70: 8.12 | Q70: 0.41
A71: 47 | B71: Прайс-лист ООО "КонтрольПрибор" 3кв.2012г. | C71: Расширитель ЗК4-1-6-95 (КИП5,КИП6) (Цена=1390/1,18/5,53) | D71: шт. | E71: 5 | F71: 206,88 1350/1,18/5,53 | J71: 1034
A72: Итого прямые затраты по разделу в ценах 2001г. | J72: 30063 | K72: 1809 | L72: 376 | M72: 13 | O72: 132.92 | Q72: 0.95
A73: Итого прямые затраты по разделу с учетом коэффициентов к итогам | J73: 30624 | K73: 1997 | L73: 446 | M73: 15 | O73: 146.79 | Q73: 1.08
A74: В том числе, справочно:
A75: Транспортные расходы на материалы МАТ=1% (Поз. 13, 23, 26, 30, 43, 7, 32, 45, 47) | J75: 100
A76: Заготовительно-складские расходы на материалы МАТ=2% (Поз. 13, 23, 26, 30, 43, 7, 32, 45, 47) | J76: 203
A77: МДС35-IV п.4.7._При ремонте и реконструкции зданий и сооружений работы, аналогичные технологическим процессам в новом строительстве ОЗП=1,15; ЭМ=1,25; ЗПМ=1,25; ТЗ=1,15; ТЗМ=1,25 (Поз. 1, 3-5, 8, 12, 15, 22, 25, 29, 33-37, 17-18, 38-39, 42, 19, 40) | J77: 258 | K77: 189 | L77: 70 | M77: 2 | O77: 13.8615 | Q77: 0.13
A78: Накладные расходы | J78: 2279
A79: Сметная прибыль | J79: 1530
A80: Итоги по разделу 1 Отопление :
A81: Итого Строительные работы | J81: 28575 | O81: 106.28 | Q81: 0.65
A82: Итого Монтажные работы | J82: 5858 | O82: 40.51 | Q82: 0.43
A83: Итого | J83: 34433 | O83: 146.79 | Q83: 1.08
A84: В том числе:
A85: Материалы | J85: 28181
A86: Машины и механизмы | J86: 446
A87: ФОТ | J87: 2012
A88: Накладные расходы | J88: 2279
A89: Сметная прибыль | J89: 1530
A90: Итого по разделу 1 Отопление | J90: 34433 | O90: 146.79 | Q90: 1.08
A91: Раздел 2. Демонтаж системы отопления
A92: 48 | B92: ТЕР16-02-001-02 | C92: Демонтаж трубопроводов отопления из стальных водогазопроводных неоцинкованных труб диаметром 20 мм (МДС 81-36.2004 п.п.3.3.1.Демонтаж (разборка) внутренних санитарно-технических устройств (водопровода, газопровода, канализации, водостоков, отопления, вентиляции) ОЗП=0,4; ЭМ=0,4 к расх.; ЗПМ=0,4; МАТ=0 к расх.; ТЗ=0,4; ТЗМ=0,4) | D92: 100 м трубопровода | E92: 0,4 40/100 | F92: 206.32 | G92: 178.7 | H92: 27.62 | I92: 1.09 | J92: 83 | K92: 72 | L92: 11 | N92: 13.19 | O92: 5.28 | P92: 0.06 | Q92: 0.02
A93: 49 | B93: ТЕР18-03-001-01 | C93: Демонтаж радиаторов чугунных (МДС 81-36.2004 п.п.3.3.1.Демонтаж (разборка) внутренних санитарно-технических устройств (водопровода, газопровода, канализации, водостоков, отопления, вентиляции) ОЗП=0,4; ЭМ=0,4 к расх.; ЗПМ=0,4; МАТ=0 к расх.; ТЗ=0,4; ТЗМ=0,4) | D93: 100 кВт радиаторов и конвекторов | E93: 0,1 10/100 | F93: 577.26 | G93: 382.44 | H93: 194.82 | I93: 17.14 | J93: 58 | K93: 39 | L93: 19 | M93: 2 | N93: 30.28 | O93: 3.03 | P93: 1.09 | Q93: 0.11
A94: Итого прямые затраты по разделу в ценах 2001г. | J94: 141 | K94: 111 | L94: 30 | M94: 2 | O94: 8.31 | Q94: 0.13
A95: Накладные расходы | J95: 145
A96: Сметная прибыль | J96: 94
A97: Итоги по разделу 2 Демонтаж системы отопления :
A98: Итого Поз. 48-49 | J98: 141 | K98: 111 | L98: 30 | M98: 2 | O98: 8.31 | Q98: 0.13
A99: Накладные расходы 128% ФОТ (от 113) | J99: 145
A100: Сметная прибыль 83% ФОТ (от 113) | J100: 94
A101: Итого c накладными и см. прибылью | J101: 380 | O101: 8.31 | Q101: 0.13
A102: В том числе:
A103: Машины и механизмы | J103: 30
A104: ФОТ | J104: 113
A105: Накладные расходы | J105: 145
...

Sheet 02-01-04
H1: ФГУП "Комбинат "Электрохимприбор"
H2: (наименование стройки)
H4: ЛОКАЛЬНЫЙ СМЕТНЫЙ РАСЧЕТ № 02-01-04
H5: (локальная смета)
C7: на | D7: освещение и автоматизацию. Реконструкция КПП промышленной площадки №5
H8: (наименование работ и затрат, наименование объекта)
D10: Основание: 055/10671-ЭМ
D11: Сметная стоимость _______________________________________________________________________________________________ | J11: ___________________________70,554 | L11: тыс. руб.
D12: строительных работ _______________________________________________________________________________________________ | J12: _______________________________________________________________________________________________0,086 | L12: тыс. руб.
D13: монтажных работ _______________________________________________________________________________________________ | J13: _______________________________________________________________________________________________47,065 | L13: тыс. руб.
D14: оборудования _______________________________________________________________________________________________ | J14: _______________________________________________________________________________________________23,403 | L14: тыс. руб.
D15: Средства на оплату труда _______________________________________________________________________________________________ | J15: ___________________________3,581 | L15: тыс. руб.
D16: Сметная трудоемкость _______________________________________________________________________________________________ | J16: _______________________________________________________________________________________________215,49 | L16: чел.час
D17: Составлен(а) в текущих (прогнозных) ценах 2001г.
A20: № пп | B20: Обосно- вание | C20: Наименование | D20: Ед. изм. | E20: Кол. | F20: Стоимость единицы, руб. | J20: Общая стоимость, руб. | N20: Т/з осн. раб.на ед. | O20: Т/з осн. раб. Всего | P20: Т/з мех. на ед. | Q20: Т/з мех. Всего
F21: Всего | G21: В том числе | J21: Всего | K21: В том числе
G22: Осн.З/п | H22: Эк.Маш | I22: З/пМех | K22: Осн.З/п | L22: Эк.Маш | M22: З/пМех
A23: 1 | B23: 2 | C23: 3 | D23: 4 | E23: 5 | F23: 6 | G23: 7 | H23: 8 | I23: 9 | J23: 10 | K23: 11 | L23: 12 | M23: 13 | N23: 14 | O23: 15 | P23: 16 | Q23: 17
A24: Раздел 1. Автоматизация
A25: Приборы и средства автоматизации
A26: Расход падающей сетевой воды от отсутвующей теплосети и обратной сетевой воды в теплосеть G0,099 м3/ч
A27: 1 | B27: ТЕРм11-03-001-01 | C27: Приборы, устанавливаемые на металлоконструкциях, щитах и пультах, масса до 5 кг (тепловычислитель ТСРВ-034) | D27: 1 шт. | E27: 1 | F27: 8.41 | G27: 7.26 | J27: 8 | K27: 7 | N27: 0.52 | O27: 0.52
A28: 2 | B28: ТЕР16-05-001-01 | C28: Установка вентилей, задвижек, затворов, клапанов обратных, кранов проходных на трубопроводах из стальных труб диаметром до 25 мм 45,54 = 84,10 - 2 x 19,28 | D28: 1 шт. | E28: 1 | F28: 45.54 | G28: 18.79 | H28: 4.23 | J28: 46 | K28: 19 | L28: 4 | N28: 1.47 | O28: 1.47
A29: 3 | B29: ТЕРм11-02-022-02 | C29: Ротаметр, счетчик, преобразователь, устанавливаемые на фланцевых соединениях, диаметр условного прохода до 20 мм (расходомер-счетчик ЭРСВ) | D29: 1 шт. | E29: 2 | F29: 17.84 | G29: 12.69 | J29: 36 | K29: 25 | N29: 1.03 | O29: 2.06
A30: 4 | B30: ТЕРм10-02-016-06 | C30: Отдельно устанавливаемый преобразователь или блок питания ADN | D30: 1 шт. | E30: 3 | F30: 256.7 | G30: 157.76 | H30: 33.83 | I30: 6.87 | J30: 770 | K30: 473 | L30: 101 | M30: 21 | N30: 10.1 | O30: 30.3 | P30: 0.44 | Q30: 1.32
A31: 5 | B31: ТЕРм11-02-001-01 | C31: Прибор, устанавливаемый на резьбовых соединениях, масса до 1,5 кг (парный термопреобразователь Взлет ТСП) | D31: 1 шт. | E31: 2 | F31: 15.88 | G31: 14.39 | J31: 32 | K31: 29 | N31: 1.03 | O31: 2.06
A32: 6 | B32: Комерческое предложенине Взлет №9617 от 01.08.20123г | C32: Теплосчетчик-регистратор Взлет ТСР-М исп. ТСР-034 в комплекте :Расходомер -счетчик э/м "ВзлетЭР" исп.ЭРСВ-540Л Ду,термопреобразователь ТСП 50мм и приседенительная арматура №2 Ду 15/25 Цена=47960/1,18/3,63 | D32: компл. | E32: 1 | F32: 11196,71 47960/1,18/3,63 | J32: 11197
A33: 7 | B33: Комерческое предложенине Взлет №9617 от 01.08.20123г | C33: Термопреобразователь "Взлет ТСП" согласованная пара ТСП 133мм Pt100 Цена=3140/1,18/3,63 | D33: компл. | E33: 1 | F33: 733,06 3140/1,18/3,63 | J33: 733
A34: 8 | B34: Комерческое предложенине Взлет №9617 от 01.08.20123г | C34: Расходомер-счетчик э/м "Взлет" исп. ЭРС-540л В Ду15 в комплекте источник питания ADN-15,24 и присоединительная арматура КПА Ду15/25 Цена=19960/1,18/3,63 | D34: компл. | E34: 2 | F34: 4659,85 19960/1,18/3,63 | J34: 9320
A35: Итого прямые затраты по разделу в ценах 2001г. | J35: 22142 | K35: 553 | L35: 105 | M35: 21 | O35: 36.41 | Q35: 1.32
A36: Итого прямые затраты по разделу с учетом коэффициентов к итогам | J36: 23043 | K36: 553 | L36: 105 | M36: 21 | O36: 36.41 | Q36: 1.32
A37: В том числе, справочно:
A38: Транспорт оборудования ПЗ=1,03 (Поз. 6-8) | J38: 638
A39: Заготовительно-складские расходы на оборудование ПЗ=1,012 (ОЗП=1,012; ЭМ=1,012; МАТ=1,012) (Поз. 6-8) | J39: 263
A40: Накладные расходы | J40: 468
A41: Сметная прибыль | J41: 349
A42: Итоги по разделу 1 Автоматизация :
A43: Итого Строительные работы | J43: 86 | O43: 1.47
A44: Итого Монтажные работы | J44: 1623 | O44: 34.94 | Q44: 1.32
A45: Итого Оборудование | J45: 22151
A46: Итого | J46: 23860 | O46: 36.41 | Q46: 1.32
A47: В том числе:
A48: Материалы | J48: 234
A49: Машины и механизмы | J49: 105
A50: ФОТ | J50: 574
A51: Оборудование | J51: 22151
A52: Накладные расходы | J52: 468
A53: Сметная прибыль | J53: 349
A54: Итого по разделу 1 Автоматизация | J54: 23860 | O54: 36.41 | Q54: 1.32
A55: Раздел 2. Освещение
A56: 9 | B56: ТЕРм08-03-594-17 | C56: Светильник в подвесных потолках, устанавливаемый на закладных деталях, количество ламп в светильнике до 4 | D56: 100 шт. | E56: 0,19 19/100 | F56: 4831.46 | G56: 2291.08 | H56: 2395.55 | I56: 918.65 | J56: 918 | K56: 435 | L56: 455 | M56: 175 | N56: 164 | O56: 31.16 | P56: 58.55 | Q56: 11.12
A57: 10 | B57: Прайс -лист Тех Дизайн (LEDEL) 1 кв.2013г. | C57: Светильник светодиодный потолочный L – office 25/3000/32 цена=3950/1,18/5,52 | D57: шт | E57: 19 | F57: 606,42 3950/1,18/5,52 | J57: 11522
A58: 11 | B58: ТЕРм08-03-594-05 | C58: Светильник отдельно устанавливаемый на штырях с количеством ламп в светильнике до 10 | D58: 100 шт. | E58: 0,04 4/100 | F58: 17177.22 | G58: 5168.9 | H58: 8930.96 | I58: 2391.61 | J58: 687 | K58: 207 | L58: 357 | M58: 96 | N58: 370 | O58: 14.8 | P58: 150.7 | Q58: 6.03
A59: 12 | B59: Прайс -лист Тех Дизайн (LEDEL) 1 кв.2013г. | C59: Светильник светодиодный для ЖКХ SVETECO 8/1000/10/Д Цена=2250/1,18/5,52 | D59: шт | E59: 4 | F59: 345,43 2250/1,18/5,52 | J59: 1382
A60: 13 | B60: ТЕРм08-03-593-10 | C60: Световые настенные указатели | D60: 100 шт. | E60: 0,03 3/100 | F60: 2523.44 | G60: 1371.85 | H60: 556.95 | I60: 20.38 | J60: 76 | K60: 41 | L60: 17 | M60: 1 | N60: 98.2 | O60: 2.95 | P60: 1.12 | Q60: 0.03
A61: 14 | B61: Прайс-лист "Световые Технологии" от 27.03.2013г | C61: Светильник URAN EFS 193 код.600000193 Цена=3197,53/1,18/5,53 | D61: шт | E61: 3 | F61: 490,01 3197,53/1,18/5,53 | J61: 1470
A62: 15 | B62: Прайс-лист "Световые Технологии" от 27.03.2013г | C62: Пиктограмма ПЭУ 010 " Выход" код.90010 Цена=70,21/1,18/5,53 | D62: шт | E62: 3 | F62: 10,76 70,21/1,18/5,53 | J62: 32
A63: 16 | B63: ТЕРм08-03-591-06 | C63: Переключатель неутопленного типа при открытой проводке | D63: 100 шт. | E63: 0,2 20/100 | F63: 847.23 | G63: 543.43 | H63: 29.99 | I63: 0.73 | J63: 169 | K63: 109 | L63: 6 | N63: 38.9 | O63: 7.78 | P63: 0.04 | Q63: 0.01
A64: 17 | B64: Прайс-лист Legrand 1 кв.2013г. | C64: Перекл.2нап.10A 250В комп. код 86001 Цена=309,08/1,18/5,52 | D64: шт | E64: 20 | F64: 6 39,08/1,18/5,52 | J64: 120
A65: 18 | B65: Прайс-лист Legrand 1 кв.2013г. | C65: Коробка ответв.с 4 зажим. код 86057 Цена=287,20/1,18/5,52 | D65: шт | E65: 20 | F65: 44,09 287,20/1,18/5,52 | J65: 882
A66: Оборудование и материалы для разеточной сети
A67: 19 | B67: ТЕРм08-03-591-08 | C67: Розетка штепсельная неутопленного типа при открытой проводке | D67: 100 шт. | E67: 0,09 9/100 | F67: 813.8 | G67: 603.5 | H67: 29.99 | I67: 0.73 | J67: 73 | K67: 54 | L67: 3 | N67: 43.2 | O67: 3.89 | P67: 0.04
A68: 20 | B68: Прайс-лист Legrand 1 кв.2013г. | C68: Роз.2Кзащ.шт.16А 250Вкомп. код 86022 Цена=325,40/1,18/5,52 | D68: шт | E68: 9 | F68: 49,96 325,40/1,18/5,52 | J68: 450
A69: 21 | B69: Прайс-лист Legrand 1 кв.2013г. | C69: Коробка ответв.с 4 зажим. код 86057 Цена=287,20/1,18/5,52 | D69: шт | E69: 2 | F69: 44,09 287,20/1,18/5,52 | J69: 88
A70: ЩИТЫ
A71: РП-1
A72: 22 | B72: ТЕРм08-03-573-05 | C72: Шкаф (пульт) управления навесной, высота, ширина и глубина до 900х600х500 мм | D72: 1 шт. | E72: 1 | F72: 126.83 | G72: 33.11 | H72: 89.04 | I72: 6.72 | J72: 127 | K72: 33 | L72: 89 | M72: 7 | N72: 2.37 | O72: 2.37 | P72: 0.41 | Q72: 0.41
A73: 23 | B73: Прайс-лист IEK 2кв.2013г. | C73: Бокс ЩРН-П-36 модулей навесн.пластик IP40 ИЭК MKP12-N-36-40-05 Цена=1379,42/1,18/5,53 | D73: шт | E73: 1 | F73: 211,39 1379,42/1,18/5,53 | J73: 211
A74: Электроаппараты, устанавливаемые на щите
A75: 24 | B75: ТЕРм08-03-526-01 | C75: Автомат одно-, двух-, трехполюсный, устанавливаемый на конструкции на стене или колонне, на ток до 25 А | D75: 1 шт. | E75: 13 2+1+1+1+1+2+5 | F75: 174.77 | G75: 20.9 | H75: 1.28 | J75: 2272 | K75: 272 | L75: 17 | N75: 1.56 | O75: 20.28
A76: 25 | B76: Прайс-лист IEK 2кв.2013г. | C76: Авт. выкл. ВА47-29 3Р 25А 4,5кА х-ка С ИЭК MVA20-3-025-C Цена=164,37/1,18/3,63 | D76: шт | E76: 2 | F76: 38,37 164,37/1,18/3,63 | J76: 77
A77: 26 | B77: Прайс-лист IEK 2кв.2013г. | C77: Авт. выкл. ВА47-29 3Р 4А 4,5кА х-ка В ИЭК MVA20-3-004-B Цена=216,17/1,18/3,63 | D77: шт | E77: 1 | F77: 50,47 216,17/1,18/3,63 | J77: 50
A78: 27 | B78: Прайс-лист IEK 2кв.2013г. | C78: Авт. выкл. ВА47-29 1Р 13А 4,5кА х-ка В ИЭК MVA20-1-013-B Цена=72,74/1,18/3,63 | D78: шт | E78: 1 | F78: 16,98 72,74/1,18/3,63 | J78: 17
A79: 28 | B79: Прайс-лист IEK 2кв.2013г. | C79: Авт. выкл. ВА47-29 3Р 2А 4,5кА х-ка В ИЭК MVA20-3-002-B Цена=216,17/1,18/3,63 | D79: шт | E79: 1 | F79: 50,47 216,17/1,18/3,63 | J79: 50
A80: 29 | B80: Прайс-лист IEK 2кв.2013г. | C80: Авт. выкл. ВА47-29 1Р 6А 4,5кА х-ка С ИЭК MVA20-1-006-C Цена=54,78/1,18/3,63 | D80: шт | E80: 1 | F80: 12,79 54,78/1,18/3,63 | J80: 13
A81: 30 | B81: Прайс-лист IEK 2кв.2013г. | C81: Авт. выкл. ВА47-29 1Р 6А 4,5кА х-ка В ИЭК MVA20-1-006-B Цена=54,71/1,18/3,63 | D81: шт | E81: 2 | F81: 12,77 54,71/1,18/3,63 | J81: 26
A82: 31 | B82: Прайс-лист IEK 2кв.2013г. | C82: Диф.автомат АД12М 2Р С16 30мА ИЭК MAD12-2-016-C-030 Цена=436,10/1,18/3,63 | D82: шт | E82: 5 | F82: 101,81 436,10/1,18/3,63 | J82: 509
A83: ЩРО1
A84: 32 | B84: ТЕРм08-03-573-04 | C84: Шкаф (пульт) управления навесной, высота, ширина и глубина до 600х600х350 мм | D84: 1 шт. | E84: 1 | F84: 99.26 | G84: 33.11 | H84: 62.05 | I84: 4.71 | J84: 99 | K84: 33 | L84: 62 | M84: 5 | N84: 2.37 | O84: 2.37 | P84: 0.29 | Q84: 0.29
A85: 33 | B85: Прайс-лист IEK 2кв.2013г. | C85: Бокс ЩРН-П-4модуля навесной пластик IP40 ИЭК MKP12-N-04-40-20 Цена=177,80/1,18/5,53 | D85: шт | E85: 1 | F85: 27,25 177,80/1,18/5,53 | J85: 27
A86: Электроаппараты, устанавливаемые на щите
A87: 34 | B87: ТЕРм08-03-526-01 | C87: Автомат одно-, двух-, трехполюсный, устанавливаемый на конструкции на стене или колонне, на ток до 25 А | D87: 1 шт. | E87: 2 1+1 | F87: 174.77 | G87: 20.9 | H87: 1.28 | J87: 350 | K87: 42 | L87: 3 | N87: 1.56 | O87: 3.12
A88: 35 | B88: Прайс-лист IEK 2кв.2013г. | C88: Авт. выкл. ВА47-29 1Р 3А 4,5кА х-ка В ИЭК MVA20-1-003-B Цена=72,74/1,18/3,63 | D88: шт | E88: 1 | F88: 16,98 72,74/1,18/3,63 | J88: 17
A89: 36 | B89: Прайс-лист IEK 2кв.2013г. | C89: Авт. выкл. ВА47-29 1Р 4А 4,5кА х-ка В ИЭК MVA20-1-004-B Цена=72,74/1,18/3,63 | D89: шт | E89: 1 | F89: 16,98 72,74/1,18/3,63 | J89: 17
A90: АЩО
A91: 37 | B91: ТЕРм08-03-573-04 | C91: Шкаф (пульт) управления навесной, высота, ширина и глубина до 600х600х350 мм | D91: 1 шт. | E91: 1 | F91: 99.26 | G91: 33.11 | H91: 62.05 | I91: 4.71 | J91: 99 | K91: 33 | L91: 62 | M91: 5 | N91: 2.37 | O91: 2.37 | P91: 0.29 | Q91: 0.29
A92: 38 | B92: Прайс-лист IEK 2кв.2013г. | C92: Бокс ЩРН-П-4модуля навесной пластик IP40 ИЭК MKP12-N-04-40-20 Цена=177,80/1,18/5,53 | D92: шт | E92: 1 | F92: 27,25 177,80/1,18/5,53 | J92: 27
A93: Электроаппараты, устанавливаемые на щите
A94: 39 | B94: ТЕРм08-03-526-01 | C94: Автомат одно-, двух-, трехполюсный, устанавливаемый на конструкции на стене или колонне, на ток до 25 А | D94: 1 шт. | E94: 1 | F94: 174.77 | G94: 20.9 | H94: 1.28 | J94: 175 | K94: 21 | L94: 1 | N94: 1.56 | O94: 1.56
A95: 40 | B95: Прайс-лист IEK 2кв.2013г. | C95: Авт. выкл. ВА47-29 1Р 3А 4,5кА х-ка В ИЭК MVA20-1-003-B Цена=72,74/1,18/3,63 | D95: шт | E95: 1 | F95: 16,98 72,74/1,18/3,63 | J95: 17
A96: ШТУ
A97: 41 | B97: ТЕРм08-03-573-05 | C97: Шкаф (пульт) управления навесной, высота, ширина и глубина до 900х600х500 мм | D97: 1 шт. | E97: 1 | F97: 126.83 | G97: 33.11 | H97: 89.04 | I97: 6.72 | J97: 127 | K97: 33 | L97: 89 | M97: 7 | N97: 2.37 | O97: 2.37 | P97: 0.41 | Q97: 0.41
A98: 42 | B98: Прайс-лист IEK 2кв.2013г. | C98: Бокс ЩРН-П-36 модулей навесн.пластик IP40 ИЭК MKP12-N-36-40-05 Цена=1379,42/1,18/5,53 | D98: шт | E98: 1 | F98: 211,39 1379,42/1,18/5,53 | J98: 211
A99: Электроаппараты, устанавливаемые на щите
A100: 43 | B100: ТЕРм08-03-526-01 | C100: Автомат одно-, двух-, трехполюсный, устанавливаемый на конструкции на стене или колонне, на ток до 25 А | D100: 1 шт. | E100: 1 | F100: 174.77 | G100: 20.9 | H100: 1.28 | J100: 175 | K100: 21 | L100: 1 | N100: 1.56 | O100: 1.56
A101: 44 | B101: Прайс-лист IEK 2кв.2013г. | C101: Авт. выкл. ВА47-29 1Р 1А 4,5кА х-ка С ИЭК MVA20-1-001-C Цена=68,88/1,18/3,63 | D101: шт | E101: 1 | F101: 16,08 68,88/1,18/3,63 | J101: 16
A102: 45 | B102: ТЕРм11-03-001-01 | C102: Приборы, устанавливаемые на металлоконструкциях, щитах и пультах, масса до 5 кг | D102: 1 шт. | E102: 9 1+6+2 | F102: 8.41 | G102: 7.26 | J102: 76 | K102: 65 | N102: 0.52 | O102: 4.68
A103: 46 | B103: Прайс-лист IEK 2кв.2013г. | C103: Шина нул на DIN-изол ШНИ-8х12-10-Д-С ИЭК YNN10-812-10D-K07 Цена=112,70/1,18/3,63 | D103: шт | E103: 1 | F103: 26,31 112,70/1,18/3,63 | J103: 26
A104: 47 | B104: Прайс- лист "Феникс Контакт РУС" 1 кв.2013г. | C104: Маркировка для распределительных шкафов SSMK 60х12 кат.5032439 Цена=5,99*40/1,18/3,59 | D104: шт | E104: 6 | F104: 56,56 5,99*40/1,18/3,59 | J104: 339
A105: 48 | B105: Прайс-лист IEK 2кв.2013г. | C105: DIN-рейка (60см) оцинкованная YDN10-0060 Цена=42/1,18/3,63 | D105: шт | E105: 2 | F105: 9,81 42/1,18/3,63 | J105: 20
...

Sheet 02-01-05
H1: ФГУП "Комбинат "Электрохимприбор"
H2: (наименование стройки)
H4: ЛОКАЛЬНЫЙ СМЕТНЫЙ РАСЧЕТ № 02-01-05
H5: (локальная смета)
C7: на | D7: пожарную сигнализацию. Реконструкция КПП промышленной площадки №5
H8: (наименование работ и затрат, наименование объекта)
D10: Основание: Р-055/10671-258-ПС
D11: Сметная стоимость _______________________________________________________________________________________________ | J11: ___________________________18,580 | L11: тыс. руб.
D12: монтажных работ _______________________________________________________________________________________________ | J12: _______________________________________________________________________________________________16,204 | L12: тыс. руб.
D13: оборудования _______________________________________________________________________________________________ | J13: _______________________________________________________________________________________________2,376 | L13: тыс. руб.
D14: Средства на оплату труда _______________________________________________________________________________________________ | J14: ___________________________2,822 | L14: тыс. руб.
D15: Сметная трудоемкость _______________________________________________________________________________________________ | J15: _______________________________________________________________________________________________202,22 | L15: чел.час
D16: Составлен(а) в текущих (прогнозных) ценах 2001г.
A19: № пп | B19: Обосно- вание | C19: Наименование | D19: Ед. изм. | E19: Кол. | F19: Стоимость единицы, руб. | J19: Общая стоимость, руб. | N19: Т/з осн. раб.на ед. | O19: Т/з осн. раб. Всего | P19: Т/з мех. на ед. | Q19: Т/з мех. Всего
F20: Всего | G20: В том числе | J20: Всего | K20: В том числе
G21: Осн.З/п | H21: Эк.Маш | I21: З/пМех | K21: Осн.З/п | L21: Эк.Маш | M21: З/пМех
A22: 1 | B22: 2 | C22: 3 | D22: 4 | E22: 5 | F22: 6 | G22: 7 | H22: 8 | I22: 9 | J22: 10 | K22: 11 | L22: 12 | M22: 13 | N22: 14 | O22: 15 | P22: 16 | Q22: 17
A23: Раздел 1.
A24: Пожарная сигнализация
A25: 1 | B25: ТЕРм10-08-001-03 | C25: Приборы ПС приемно-контрольные, пусковые, концентратор блок линейный | D25: 10 лучей | E25: 12,7 127/10 | F25: 97.72 | G25: 75.44 | H25: 0.46 | J25: 1241 | K25: 958 | L25: 6 | N25: 5.4 | O25: 68.58
A26: 2 | B26: Прайс-лист "Болид"на 05.08.2013 г. | C26: Контроллер двухпроводной линии связи "С2000-КДЛ" Цена=1830,4/1,18/3,63 (Транспорт оборудования ПЗ=1,03) | D26: шт. | E26: 1 | F26: 440,14 1830,4/1,18/3,63 | J26: 440
A27: 3 | B27: ТЕРм10-08-001-04 | C27: Приборы ПС на 4 луча | D27: 1 шт. | E27: 1 | F27: 58.33 | G27: 48.15 | H27: 0.83 | J27: 58 | K27: 48 | L27: 1 | N27: 3.3 | O27: 3.3
A28: 4 | B28: Прайс-лист "Болид"на 05.08.2013 г. | C28: Адресный релейный блок на два реле С2000-СП2 Цена=915,2/1,18/3,63 (Транспорт оборудования ПЗ=1,03) | D28: шт. | E28: 1 | F28: 220,07 915,2/1,18/3,63 | J28: 220
A29: 5 | B29: ТЕРм10-08-001-13 | C29: Устройства промежуточные на количество лучей 1 | D29: 1 шт. | E29: 1 | F29: 64.92 | G29: 57.52 | H29: 0.37 | J29: 65 | K29: 58 | N29: 4 | O29: 4
A30: 6 | B30: Прайс-лист "Болид"на 05.08.2013 г. | C30: Адресный двухпозиционый расширитель С2000-АР1 исп.02 Цена=337,48/1,18/5,53 | D30: шт. | E30: 1 | F30: 51,72 337,48/1,18/5,53 | J30: 52
A31: 7 | B31: ТЕРм10-08-002-06 | C31: Извещатель пожарный ручной | D31: 1 шт. | E31: 2 | F31: 8.84 | G31: 4.74 | H31: 1.08 | J31: 18 | K31: 9 | L31: 2 | N31: 0.35 | O31: 0.7
A32: 8 | B32: Прайс-лист "Болид"на 05.08.2013 г. | C32: Извещатель пожарный ручной адресный ИПР 513-3АМ Цена=460,20/1,18/5,53 | D32: шт. | E32: 2 | F32: 70,52 460,20/1,18/5,53 | J32: 141
A33: 9 | B33: ТЕРм10-08-002-02 | C33: Извещатель ПС автоматический дымовой, фотоэлектрический, радиоизотопный, световой в нормальном исполнении | D33: 1 шт. | E33: 8 | F33: 28.38 | G33: 22.76 | H33: 0.46 | J33: 227 | K33: 182 | L33: 4 | N33: 1.68 | O33: 13.44
A34: 10 | B34: Прайс-лист "Болид"на 05.08.2013 г. | C34: Извещатель дымовой оптико-электронный адресно-аналоговый ДИП-34А 01-02 Цена=650/1,18/5,53 | D34: шт. | E34: 8 | F34: 99,61 650/1,18/5,53 | J34: 797
A35: 11 | B35: ТЕРм10-04-066-04 применительно | C35: Коробка кабельная соединительная или разветвительная ( Блок разветвительно-изолирующий ) | D35: 1 шт. | E35: 3 | F35: 58.16 | G35: 48.04 | J35: 174 | K35: 144 | N35: 4 | O35: 12
A36: 12 | B36: Прайс-лист "Болид"на 05.08.2013 г. | C36: Блок разветвительно-изолирующий БРИЗ Цена=320,61/1,18/5,53 | D36: шт. | E36: 3 | F36: 49,13 320,61/1,18/5,53 | J36: 147
A37: 13 | B37: ТЕРм10-02-016-06 | C37: Отдельно устанавливаемый преобразователь или блок питания | D37: 1 шт. | E37: 1 | F37: 256.7 | G37: 157.76 | H37: 33.83 | I37: 6.87 | J37: 257 | K37: 158 | L37: 34 | M37: 7 | N37: 10.1 | O37: 10.1 | P37: 0.44 | Q37: 0.44
A38: 14 | B38: Прайс-лист "Болид"на 05.08.2013 г. | C38: Источник питания СКАТ-2400 Цена=4507,20/1,18/3,63 (Транспорт оборудования ПЗ=1,03) | D38: шт. | E38: 1 | F38: 1083,82 4507,20/1,18/3,63 | J38: 1084
A39: 15 | B39: ТЕРм10-01-003-08 | C39: Аккумуляторная батарея монтаж | D39: 1 ящик | E39: 2 | F39: 48.5 | G39: 39.62 | J39: 97 | K39: 79 | N39: 3.1 | O39: 6.2
A40: 16 | B40: Прайс-лист "Болид"на 05.08.2013 г. | C40: Аккумуляторная батарея U=12В, емк. 12 А?час DELTA DTM1212 Цена=827,875/1,18/3,63 (Транспорт оборудования ПЗ=1,03) | D40: шт. | E40: 2 | F40: 199,08 827,875/1,18/3,63 | J40: 398
A41: 17 | B41: ТЕРм10-06-034-26 | C41: Устройство заземления Панель заземления | D41: 1 бокс | E41: 1 | F41: 3725.57 | G41: 121.95 | J41: 3726 | K41: 122 | N41: 9 | O41: 9
A42: 18 | B42: Прайс-лист ЦМО 1 квартал 2013г. | C42: Панель заземления горизонтальная 19" Код номенклатуры 30517720100 Цена=1230/1,18/5,53 (Транспорт оборудования ПЗ=1,03) | D42: шт | E42: 1 | F42: 194,14 1230/1,18/5,53 | J42: 194
A43: 19 | B43: ФЕРм08-02-390-01 | C43: Короба пластмассовые: шириной до 40 мм (от ФЕР к ТЕР ОЗП=1,41; ЭМ=1,242 к расх.; ЗПМ=1,41; МАТ=1,052) | D43: 100 м | E43: 1,2 120/100 | F43: 311.4 | G43: 218.44 | H43: 38.75 | I43: 0.17 | J43: 374 | K43: 262 | L43: 47 | N43: 16.29 | O43: 19.55 | P43: 0.01 | Q43: 0.01
A44: 20 | B44: ФССЦ-509-1841 | C44: Кабель-канал (короб) "Legrand" 20х12,5 мм (материалы от ФЕР к ТЕР МАТ=1,052) | D44: м | E44: 120 кк1*100 | F44: 7.52 | J44: 902
A45: 21 | B45: ТЕРм08-02-399-01 | C45: Кабель в кабельных каналах, сечением до 6 мм2 | D45: 100 м | E45: 1,35 135/100 | F45: 189.23 | G45: 46.64 | H45: 56.09 | I45: 24.55 | J45: 255 | K45: 63 | L45: 76 | M45: 33 | N45: 3.52 | O45: 4.75 | P45: 1.57 | Q45: 2.12
A46: 22 | B46: Прайс-лист ООО НПП «Спецкабель» от 19.07.2013 | C46: Кабель КПСЭнг(А)-FRHF 1х2х0,5 Цена=42437,59/1,18/5,53 | D46: 1000м | E46: 0,0102 10*1,02/1000 | F46: 6503,45 42437,59/1,18/5,53 | J46: 66
A47: 23 | B47: Прайс-лист ООО НПП «Спецкабель» от 19.07.2013 | C47: Кабель КПСЭнг(А)-FRHF 1х2х0,75 Цена=52832,13/1,18/5,53 | D47: 1000м | E47: 0,1122 110*1,02/1000 | F47: 8096,38 52832,13/1,18/5,53 | J47: 908
A48: 24 | B48: Прайс-лист «ЭТМ» | C48: Кабель ВВГнг(А)-FRLS 4х1 Цена=43,8/1,18/5,53 | D48: м | E48: 15,3 15*1,02 | F48: 6,71 43,8/1,18/5,53 | J48: 103
A49: 25 | B49: ТЕРм08-02-472-10 | C49: Проводник заземляющий из медного изолированного провода сечением 25 мм2 открыто по строительным основаниям | D49: 100 м | E49: 0,02 2/100 | F49: 4732.43 | G49: 617.45 | H49: 45.38 | I49: 0.55 | J49: 95 | K49: 12 | L49: 1 | N49: 46.6 | O49: 0.93 | P49: 0.03
A50: 26 | B50: ТСЦ-502-0423 | C50: Провода неизолированные медные гибкие для электрических установок и антенн марки МГ, сечением 4 мм2 | D50: т | E50: 6,8E-5 0,0339*2/1000 | F50: 89250 | J50: 6
A51: Оповещение о пожаре
A52: 27 | B52: ТЕРм08-01-081-01 | C52: Аппарат (кнопка, ключ управления, замок электромагнитной блокировки, звуковой сигнал, сигнальная лампа) управления и сигнализации, количество подключаемых концов до 2 | D52: 1 шт. | E52: 3 | F52: 29.8 | G52: 15.31 | H52: 11.69 | I52: 0.73 | J52: 89 | K52: 46 | L52: 35 | M52: 2 | N52: 1.13 | O52: 3.39 | P52: 0.04 | Q52: 0.12
A53: 28 | B53: Прайс-лист "Тинко"на 13.08.2013 | C53: Оповещатель пожарный звуковой АС-24 Цена=178,5/1,18/5,53 | D53: шт | E53: 3 | F53: 27,35 178,5/1,18/5,53 | J53: 82
A54: 29 | B54: ТЕРм08-03-593-10 | C54: Световые настенные указатели | D54: 100 шт. | E54: 0,02 2/100 | F54: 2523.44 | G54: 1371.85 | H54: 556.95 | I54: 20.38 | J54: 50 | K54: 27 | L54: 11 | N54: 98.2 | O54: 1.96 | P54: 1.12 | Q54: 0.02
A55: 30 | B55: Прайс-лист "Тинко"на 13.08.2013 | C55: Оповещатель световой БЛИК-С-24 Цена=210/1,18/5,53 | D55: шт | E55: 2 | F55: 32,18 210/1,18/5,53 | J55: 64
A56: 31 | B56: ТЕРм10-08-003-03 | C56: Устройство ультразвуковое, блок контроля | D56: 1 шт. | E56: 1 | F56: 59.97 | G56: 51.77 | H56: 0.37 | J56: 60 | K56: 52 | N56: 3.6 | O56: 3.6
A57: 32 | B57: Прайс-лист "СПЕПРИБОР"на 01.07.2013 | C57: Устройство контроля линии оповещения УКЛО Цена=1450/5,53 | D57: шт | E57: 1 | F57: 262,21 1450/5,53 | J57: 262
A58: 33 | B58: ФЕРм08-02-390-01 | C58: Короба пластмассовые: шириной до 40 мм (от ФЕР к ТЕР ОЗП=1,41; ЭМ=1,242 к расх.; ЗПМ=1,41; МАТ=1,052) | D58: 100 м | E58: 0,05 5/100 | F58: 311.4 | G58: 218.44 | H58: 38.75 | I58: 0.17 | J58: 16 | K58: 11 | L58: 2 | N58: 16.29 | O58: 0.81 | P58: 0.01
A59: 34 | B59: ФССЦ-509-1841 | C59: Кабель-канал (короб) "Legrand" 20х12,5 мм (материалы от ФЕР к ТЕР МАТ=1,052) | D59: м | E59: 5 кк2*100 | F59: 7.52 | J59: 38
A60: 35 | B60: ТЕРм08-02-399-01 | C60: Кабель в кабельных каналах, сечением до 6 мм2 | D60: 100 м | E60: 0,26 26/100 | F60: 189.23 | G60: 46.64 | H60: 56.09 | I60: 24.55 | J60: 49 | K60: 12 | L60: 15 | M60: 6 | N60: 3.52 | O60: 0.92 | P60: 1.57 | Q60: 0.41
A61: 36 | B61: Прайс-лист ООО НПП «Спецкабель» от 19.07.2013 | C61: Кабель КПСЭнг(А)-FRHF 1х2х0,5 Цена=42437,59/1,18/5,53 | D61: 1000м | E61: 0,02652 26*1,02/1000 | F61: 6503,45 42437,59/1,18/5,53 | J61: 172
A62: 37 | B62: ТЕРм08-03-545-01 | C62: Коробка (ящик) с зажимами для кабелей и проводов сечением до 6 мм2, устанавливаемая на конструкции на стене или колонне, количество зажимов до 10 | D62: 1 шт. | E62: 7 | F62: 160.78 | G62: 43.86 | H62: 2.36 | J62: 1125 | K62: 307 | L62: 17 | N62: 3.31 | O62: 23.17
A63: 38 | B63: Прайс-лист "Торговый Дом "СКВИД" 1 квартал 2013г. | C63: Коробка соединительная КС-4 Цена=12,0/1,18/5,53 | D63: шт. | E63: 7 | F63: 1,84 12,0/1,18/5,53 | J63: 13
A64: 39 | B64: ТЕРм08-01-080-01 | C64: Прибор измерения и защиты, количество подключаемых концов до 2 | D64: 1 шт. | E64: 14 5+2+5+1+1 | F64: 29.46 | G64: 15.31 | H64: 11.69 | I64: 0.73 | J64: 412 | K64: 214 | L64: 164 | M64: 10 | N64: 1.13 | O64: 15.82 | P64: 0.04 | Q64: 0.56
A65: 40 | B65: РадиоХит | C65: Диод КД209 Цена=1,17/1,18/3,63 (Транспорт оборудования ПЗ=1,03) | D65: шт | E65: 5 | F65: 0,28 1,17/1,18/3,63 | J65: 1
A66: 41 | B66: ТСЦ-509-0584 | C66: Резисторы (Транспорт оборудования ПЗ=1,03) | D66: шт. | E66: 9 2+5+1+1 | F66: 1.23 | J66: 11
A67: Итого прямые затраты по смете в ценах 2001г. | J67: 14489 | K67: 2764 | L67: 415 | M67: 58 | O67: 202.22 | Q67: 3.68
A68: Итого прямые затраты по смете с учетом коэффициентов к итогам | J68: 14604 | K68: 2764 | L68: 415 | M68: 58 | O68: 202.22 | Q68: 3.68
A69: В том числе, справочно:
A70: Транспорт материалов МАТ=1% (Поз. 12, 28, 30, 32, 6, 8, 10, 22-24, 36, 38) | J70: 29
A71: Заготовительно-складские расходы на материалы МАТ=2% (Поз. 12, 28, 30, 32, 6, 8, 10, 22-24, 36, 38, 34) | J71: 58
A72: Заготовительно-складские затраты на оборудование ПЗ=1,012 (Поз. 14, 18, 40-41, 2, 4, 16) | J72: 28
A73: Накладные расходы | J73: 2318
A74: В том числе, справочно:
A75: 80% ФОТ (от 1386) (Поз. 1, 3, 5, 7, 9, 15, 31) | J75: 1109
A76: 92% ФОТ (от 144) (Поз. 11) | J76: 132
A77: 95% ФОТ (от 1005) (Поз. 19, 21, 25, 27, 29, 33, 35, 37, 39) | J77: 955
A78: 100% ФОТ (от 122) (Поз. 17) | J78: 122
A79: Сметная прибыль | J79: 1658
A80: В том числе, справочно:
A81: 60% ФОТ (от 1386) (Поз. 1, 3, 5, 7, 9, 15, 31) | J81: 832
A82: 65% ФОТ (от 1271) (Поз. 11, 17, 19, 21, 25, 27, 29, 33, 35, 37, 39) | J82: 826
A83: Итоги по смете:
A84: Итоги по Монтажным работам
A85: Монтаж оборудования | J85: 3964 | O85: 109.92 | Q85: 0.44
A86: Материалы для монтажных работ | J86: 2899
A87: Монтаж радиотелевизионного и электронного оборудования | J87: 400 | O87: 12
A88: Прокладка и монтаж сетей связи | J88: 3927 | O88: 9
A89: Электромонтажные работы на других объектах | J89: 4073 | O89: 71.3 | Q89: 3.24
A90: Материалы для монтажных работ | J90: 941
A91: Итого | J91: 16204 | O91: 202.22 | Q91: 3.68
A92: Итоги по Оборудованию
A93: Оборудование:
A94: Итоги по Поз. 14, 18, 40-41
A95: Итого Поз. 14, 18, 40-41 | J95: 1290
A96: Всего с учетом "Заготовительно-складские затраты на оборудование ПЗ=1,012" | J96: 1305
A97: Итоги по Поз. 2, 4, 16
A98: Итого Поз. 2, 4, 16 | J98: 1058
A99: Всего с учетом "Заготовительно-складские затраты на оборудование ПЗ=1,012" | J99: 1071
A100: Итого | J100: 2376
A101: Итого | J101: 2376
A102: Итого | J102: 18580 | O102: 202.22 | Q102: 3.68
A103: В том числе:
A104: Материалы | J104: 9049
A105: Машины и механизмы | J105: 415
...

Sheet 02-01-06
A1: СОГЛАСОВАНО: | M1: УТВЕРЖДАЮ:
A4: _________________ | M4: _________________
A5: " _____ " ________________ 2012 г. | M5: "____" ______________2012 г.
I6: ФГУП "Комбинат "Электрохимприбор", Реконструкция КПП промышленной площадки №5
H7: (наименование стройки)
H9: ЛОКАЛЬНЫЙ СМЕТНЫЙ РАСЧЕТ № 02-01-06 (дополнение к смете №02-01-05)
H10: (локальная смета)
C12: на | D12: пожарную сигнализацию
H13: (наименование работ и затрат, наименование объекта)
D15: Основание: Р-055/10671-258-ПС изм.1
D16: Сметная стоимость _______________________________________________________________________________________________ | J16: ___________________________2,210 | L16: тыс. руб.
D17: монтажных работ _______________________________________________________________________________________________ | J17: _______________________________________________________________________________________________1,103 | L17: тыс. руб.
D18: оборудования _______________________________________________________________________________________________ | J18: _______________________________________________________________________________________________1,107 | L18: тыс. руб.
D19: Средства на оплату труда _______________________________________________________________________________________________ | J19: ___________________________0,379 | L19: тыс. руб.
D20: Сметная трудоемкость _______________________________________________________________________________________________ | J20: _______________________________________________________________________________________________28 | L20: чел.час
D21: Составлен ценах 2001г.
A24: № пп | B24: Обосно- вание | C24: Наименование | D24: Ед. изм. | E24: Кол. | F24: Стоимость единицы, руб. | J24: Общая стоимость, руб. | N24: Т/з осн. раб.на ед. | O24: Т/з осн. раб. Всего | P24: Т/з мех. на ед. | Q24: Т/з мех. Всего
F25: Всего | G25: В том числе | J25: Всего | K25: В том числе
G26: Осн.З/п | H26: Эк.Маш | I26: З/пМех | K26: Осн.З/п | L26: Эк.Маш | M26: З/пМех
A27: 1 | B27: 2 | C27: 3 | D27: 4 | E27: 5 | F27: 6 | G27: 7 | H27: 8 | I27: 9 | J27: 10 | K27: 11 | L27: 12 | M27: 13 | N27: 14 | O27: 15 | P27: 16 | Q27: 17
A28: Раздел 1. Добавить к смете №02-01-05
A29: Пожарная сигнализация
A30: 1 | B30: ТЕРм10-04-112-02 | C30: Шкаф или панель коммутации связи и сигнализации на стене или в нише, количество пар 100 | D30: 1 шт. | E30: 1 | F30: 508.42 | G30: 379.4 | J30: 508 | K30: 379 | N30: 28 | O30: 28
A31: 2 | B31: Прайс-лист ЦМО 1 квартал 2013г. | C31: Шкаф телекоммуникационный настенный 9U (600х300) дверь стекло ШРН-9.300 (Транспорт оборудования ПЗ=1,03) | D31: шт | E31: 1 | F31: 1094,08 4600/1,18/3,67 | J31: 1094
A32: Итого прямые затраты по смете в ценах 2001г. | J32: 1602 | K32: 379 | O32: 28
A33: Итого прямые затраты по смете с учетом коэффициентов к итогам (Заготовительно-складские затраты на оборудование ПЗ=1,012 (Поз. 2)) | J33: 1615 | K33: 379 | O33: 28
A34: Накладные расходы | J34: 349
A35: Сметная прибыль | J35: 246
A36: Итоги по смете:
A37: Итоги по Монтажным работам
A38: Монтаж радиотелевизионного и электронного оборудования:
A39: Итого Поз. 1 | J39: 508 | K39: 379 | O39: 28
A40: Накладные расходы 92% ФОТ (от 379) | J40: 349
A41: Сметная прибыль 65% ФОТ (от 379) | J41: 246
A42: Итого c накладными и см. прибылью | J42: 1103 | O42: 28
A43: Итого | J43: 1103 | O43: 28
A44: Итоги по Оборудованию
A45: Оборудование:
A46: Итого Поз. 2 | J46: 1094
A47: Всего с учетом "Заготовительно-складские затраты на оборудование ПЗ=1,012" | J47: 1107
A48: Итого | J48: 1107
A49: Итого | J49: 2210 | O49: 28
A50: В том числе:
A51: Материалы | J51: 129
A52: ФОТ | J52: 379
A53: Оборудование | J53: 1107
A54: Накладные расходы | J54: 349
A55: Сметная прибыль | J55: 246
A56: ВСЕГО по смете | J56: 2210 | O56: 28

Sheet 07-01
H1: ФГУП "Комбинат "Электрохимприбор"
H2: (наименование стройки)
H4: ЛОКАЛЬНЫЙ СМЕТНЫЙ РАСЧЕТ № 07-01
H5: (локальная смета)
C7: на | D7: вертикальную планировку. Реконструкция КПП промышленной площадки №5
H8: (наименование работ и затрат, наименование объекта)
D10: Основание: Р-055/10671-ГП
D11: Сметная стоимость строительных работ _______________________________________________________________________________________________ | J11: ___________________________0,585 | L11: тыс. руб.
D12: Средства на оплату труда _______________________________________________________________________________________________ | J12: ___________________________0,036 | L12: тыс. руб.
D13: Сметная трудоемкость _______________________________________________________________________________________________ | J13: _______________________________________________________________________________________________0,45 | L13: чел.час
D14: Составлен(а) в ценах 2001 г.
A17: № пп | B17: Обосно- вание | C17: Наименование | D17: Ед. изм. | E17: Кол. | F17: Стоимость единицы, руб. | J17: Общая стоимость, руб. | N17: Т/з осн. раб.на ед. | O17: Т/з осн. раб. Всего | P17: Т/з мех. на ед. | Q17: Т/з мех. Всего
F18: Всего | G18: В том числе | J18: Всего | K18: В том числе
G19: Осн.З/п | H19: Эк.Маш | I19: З/пМех | K19: Осн.З/п | L19: Эк.Маш | M19: З/пМех
A20: 1 | B20: 2 | C20: 3 | D20: 4 | E20: 5 | F20: 6 | G20: 7 | H20: 8 | I20: 9 | J20: 10 | K20: 11 | L20: 12 | M20: 13 | N20: 14 | O20: 15 | P20: 16 | Q20: 17
A21: Раздел 1. Вертикальная планировка
A22: 1 | B22: ТЕР01-01-031-02 | C22: Разработка грунта с перемещением до 10 м бульдозерами мощностью 96 кВт (130 л.с.), группа грунтов 2 (под автодорожные покрытия, покрытия площадки) | D22: 1000 м3 грунта | E22: 0.048 | F22: 1770.89 | H22: 1770.89 | I22: 186.12 | J22: 85 | L22: 85 | M22: 9 | P22: 11 | Q22: 0.53
A23: 2 | B23: ТЕР01-01-013-07 | C23: Разработка грунта с погрузкой на автомобили-самосвалы экскаваторами с ковшом вместимостью 0,65 (0,5-1) м3, группа грунтов 1 (погрузка избыточного грунта) | D23: 1000 м3 грунта | E23: 0.048 | F23: 4089.05 | G23: 101.99 | H23: 3983.23 | I23: 455.32 | J23: 196 | K23: 5 | L23: 191 | M23: 22 | N23: 9.28 | O23: 0.45 | P23: 26.91 | Q23: 1.29
A24: 3 | B24: СЦП3-3-1-1 | C24: Перевозка грузов автомобилями-самосвалами (работающими вне карьеров): расстояние 1 км, класс груза I | D24: т | E24: 79.2 | F24: 3.16 | H24: 3.16 | J24: 250 | L24: 250
A25: Итого прямые затраты по смете в ценах 2001г. | J25: 531 | K25: 5 | L25: 526 | M25: 31 | O25: 0.45 | Q25: 1.82
A26: Накладные расходы | J26: 36
A27: В том числе, справочно:
A28: 100% ФОТ (от 36) (Поз. 1-2) | J28: 36
A29: Сметная прибыль | J29: 18
A30: В том числе, справочно:
A31: 50% ФОТ (от 36) (Поз. 1-2) | J31: 18
A32: Итоги по смете:
A33: Земляные работы, выполняемые механизированным способом | J33: 335 | O33: 0.45 | Q33: 1.82
A34: Перевозка грузов автомобильным транспортом | J34: 250
A35: Итого | J35: 585 | O35: 0.45 | Q35: 1.82
A36: В том числе:
A37: Машины и механизмы | J37: 526
A38: ФОТ | J38: 36
A39: Накладные расходы | J39: 36
A40: Сметная прибыль | J40: 18
A41: ВСЕГО по смете | J41: 585 | O41: 0.45 | Q41: 1.82

Sheet 07-02
H1: ФГУП "Комбинат "Электрохимприбор"
H2: (наименование стройки)
H4: ЛОКАЛЬНЫЙ СМЕТНЫЙ РАСЧЕТ № 07-02
H5: (локальная смета)
C7: на | D7: покрытие площадки. Реконструкция КПП промышленной площадки №5 ФГУП "Комбинат "Электрохимприбор"
H8: (наименование работ и затрат, наименование объекта)
D10: Основание: Р-055/10671-ГП
D11: Сметная стоимость строительных работ _______________________________________________________________________________________________ | J11: ___________________________16,385 | L11: тыс. руб.
D12: Средства на оплату труда _______________________________________________________________________________________________ | J12: ___________________________0,235 | L12: тыс. руб.
D13: Сметная трудоемкость _______________________________________________________________________________________________ | J13: _______________________________________________________________________________________________9,21 | L13: чел.час
D14: Составлен(а) в ценах 2001 г.
A17: № пп | B17: Обосно- вание | C17: Наименование | D17: Ед. изм. | E17: Кол. | F17: Стоимость единицы, руб. | J17: Общая стоимость, руб. | N17: Т/з осн. раб.на ед. | O17: Т/з осн. раб. Всего | P17: Т/з мех. на ед. | Q17: Т/з мех. Всего
F18: Всего | G18: В том числе | J18: Всего | K18: В том числе
G19: Осн.З/п | H19: Эк.Маш | I19: З/пМех | K19: Осн.З/п | L19: Эк.Маш | M19: З/пМех
A20: 1 | B20: 2 | C20: 3 | D20: 4 | E20: 5 | F20: 6 | G20: 7 | H20: 8 | I20: 9 | J20: 10 | K20: 11 | L20: 12 | M20: 13 | N20: 14 | O20: 15 | P20: 16 | Q20: 17
A21: Раздел 1. Покрытие площадки
A22: А/б покрытие
A23: 1 | B23: ТЕР27-04-001-02 | C23: Устройство подстилающих и выравнивающих слоев оснований из песчано-гравийной смеси, дресвы (h=0,54 м) | D23: 100 м3 материала основания (в плотном теле) | E23: 0.259 | F23: 2693.01 | G23: 177.48 | H23: 2481.37 | I23: 248.22 | J23: 697 | K23: 46 | L23: 643 | M23: 64 | N23: 15.72 | O23: 4.07 | P23: 14.81 | Q23: 3.84
A24: 2 | B24: ТСЦ-408-0200 | C24: Смесь песчано-гравийная природная | D24: м3 | E24: 31.6 | F24: 138.7 | J24: 4383
A25: 3 | B25: ТЕР27-04-003-05 | C25: Устройство оснований и покрытий из песчано-гравийных или щебеночно-песчаных смесей непрерывной гранулометрии С-4 и С-6, однослойных толщиной 15 см (h=0,35 м с добавлением щебня) | D25: 1000 м2 основания или покрытия | E25: 0.048 | F25: 8562.02 | G25: 356.82 | H25: 8083.2 | I25: 366.77 | J25: 411 | K25: 17 | L25: 388 | M25: 18 | N25: 29.71 | O25: 1.43 | P25: 20.97 | Q25: 1.01
A26: 4 | B26: ТЕР27-04-003-08 | C26: На каждый 1 см изменения толщины слоя добавлять или исключать к расценкам с 27-04-003-05 по 27-04-003-07 (коэффициент на толщину слоя ПЗ=20 (ОЗП=20; ЭМ=20 к расх.; ЗПМ=20; МАТ=20 к расх.; ТЗ=20; ТЗМ=20)) | D26: 1000 м2 основания или покрытия | E26: 0.048 | F26: 4389.4 | H26: 4389.4 | I26: 162.2 | J26: 211 | L26: 211 | M26: 8 | P26: 9.2 | Q26: 0.44
A27: 5 | B27: ТСЦ-408-0200 | C27: Смесь песчано-гравийная природная (80%) | D27: м3 | E27: 16.4 | F27: 138.7 | J27: 2275
A28: 6 | B28: ТСЦ-408-0006 | C28: Щебень из природного камня для строительных работ марка 1200, фракция 10-20 мм (20%) | D28: м3 | E28: 4.1 | F28: 146.57 | J28: 601
A29: 7 | B29: ТЕР27-06-026-01 | C29: Розлив вяжущих материалов | D29: 1 т | E29: 0.144 | F29: 2017.46 | H29: 46.53 | I29: 11.16 | J29: 291 | L29: 7 | M29: 2 | P29: 0.66 | Q29: 0.1
A30: 8 | B30: ТЕР27-06-020-03 | C30: Устройство покрытия толщиной 4 см из горячих асфальтобетонных смесей плотных крупнозернинистых типа АБ, плотность каменных материалов 2,5-2,9 т/м3 (толщиной 6 см) | D30: 1000 м2 покрытия | E30: 0.048 | F30: 51885.73 | G30: 518.97 | H30: 2984 | I30: 322.26 | J30: 2491 | K30: 25 | L30: 143 | M30: 15 | N30: 38.3 | O30: 1.84 | P30: 19.08 | Q30: 0.92
A31: 9 | B31: ТЕР27-06-021-03 | C31: На каждые 0,5 см изменения толщины покрытия добавлять или исключать к расценке 27-06-020-03 (коэффициент на толщину слоя ПЗ=4 (ОЗП=4; ЭМ=4 к расх.; ЗПМ=4; МАТ=4 к расх.; ТЗ=4; ТЗМ=4)) | D31: 1000 м2 покрытия | E31: 0.048 | F31: 24143.44 | G31: 4.88 | H31: 12.52 | J31: 1159 | L31: 1 | N31: 0.36 | O31: 0.02
A32: 10 | B32: ТЕР27-06-020-01 | C32: Устройство покрытия толщиной 4 см из горячих асфальтобетонных смесей плотных мелкозернистых типа АБВ, плотность каменных материалов 2,5-2,9 т/м3 (толщиной 5 см) | D32: 1000 м2 покрытия | E32: 0.048 | F32: 55602.96 | G32: 518.97 | H32: 2984 | I32: 322.26 | J32: 2669 | K32: 25 | L32: 143 | M32: 15 | N32: 38.3 | O32: 1.84 | P32: 19.08 | Q32: 0.92
A33: 11 | B33: ТЕР27-06-021-01 | C33: На каждые 0,5 см изменения толщины покрытия добавлять или исключать к расценке 27-06-020-01 (коэффициент на толщину слоя ПЗ=2 (ОЗП=2; ЭМ=2 к расх.; ЗПМ=2; МАТ=2 к расх.; ТЗ=2; ТЗМ=2)) | D33: 1000 м2 покрытия | E33: 0.048 | F33: 13003.12 | G33: 2.44 | H33: 6.64 | J33: 624 | N33: 0.18 | O33: 0.01
A34: Итого прямые затраты по смете в ценах 2001г. | J34: 15812 | K34: 113 | L34: 1536 | M34: 122 | O34: 9.21 | Q34: 7.23
A35: Накладные расходы | J35: 350
A36: В том числе, справочно:
A37: 149% ФОТ (от 235) (Поз. 1, 3-4, 7-11) | J37: 350
A38: Сметная прибыль | J38: 223
A39: В том числе, справочно:
A40: 95% ФОТ (от 235) (Поз. 1, 3-4, 7-11) | J40: 223
A41: Итоги по смете:
A42: Автомобильные дороги | J42: 9126 | O42: 9.21 | Q42: 7.23
A43: Материалы | J43: 7259
A44: Итого | J44: 16385 | O44: 9.21 | Q44: 7.23
A45: В том числе:
A46: Материалы | J46: 14163
A47: Машины и механизмы | J47: 1536
A48: ФОТ | J48: 235
A49: Накладные расходы | J49: 350
A50: Сметная прибыль | J50: 223
A51: ВСЕГО по смете | J51: 16385 | O51: 9.21 | Q51: 7.23

Sheet 247гн-14
A1: СОГЛАСОВАНО: | M1: УТВЕРЖДАЮ:
A4: _________________ | M4: _________________
A5: " _____ " ________________ 2014 г. | M5: "____" ______________2014 г.
E6: ФГУП"Комбинат"Электрохимприбор"
H7: (наименование стройки)
H9: ЛОКАЛЬНЫЙ СМЕТНЫЙ РАСЧЕТ № 247гн-14
H10: (локальная смета)
C12: на | D12: устройство дренажных каналов , периметр 5 пром.площадки инв №
H13: (наименование работ и затрат, наименование объекта)
D15: Основание: тех.решение от 08.04.2014г. № 072-18/1140
D16: Сметная стоимость строительных работ _______________________________________________________________________________________________ | J16: ___________________________231,994 | L16: тыс. руб.
D17: Средства на оплату труда _______________________________________________________________________________________________ | J17: ___________________________2,665 | L17: тыс. руб.
D18: Сметная трудоемкость _______________________________________________________________________________________________ | J18: _______________________________________________________________________________________________171,28 | L18: чел.час
D19: Составлен(а) в текущих (прогнозных) ценах ( редакция 2009г,) по состоянию на 01.01.2014 с к=5,98
A22: № пп | B22: Обоснование | C22: Наименование | D22: Ед. изм. | E22: Кол. | F22: Стоимость единицы, руб. | J22: Общая стоимость, руб. | N22: Т/з осн. раб.на ед. | O22: Т/з осн. раб. Всего | P22: Т/з мех. на ед. | Q22: Т/з мех. Всего
F23: Всего | G23: В том числе | J23: Всего | K23: В том числе
G24: Осн.З/п | H24: Эк.Маш | I24: З/пМех | K24: Осн.З/п | L24: Эк.Маш | M24: З/пМех
A25: 1 | B25: 2 | C25: 3 | D25: 4 | E25: 5 | F25: 6 | G25: 7 | H25: 8 | I25: 9 | J25: 10 | K25: 11 | L25: 12 | M25: 13 | N25: 14 | O25: 15 | P25: 16 | Q25: 17
A26: Раздел 1. Устройство дренажных канав.
A27: 1 | B27: ТЕР01-01-003-09 | C27: Разработка грунта в отвал экскаваторами «драглайн» или «обратная лопата» с ковшом вместимостью 0,65 (0,5-1) м3, группа грунтов 3 НР (151 руб.): 95% от ФОТ СП (80 руб.): 50% от ФОТ | D27: 1000 м3 грунта | E27: 0,24 240/1000 | F27: 4796.33 | G27: 145.29 | H27: 4651.04 | I27: 489.16 | J27: 1151 | K27: 35 | L27: 1116 | M27: 117 | N27: 13.22 | O27: 3.17 | P27: 28.91 | Q27: 6.94
A28: 2 | B28: ТЕР23-01-001-02 | C28: Устройство основания под трубопроводы щебеночного (100мм) НР (183 руб.): 130% от ФОТ СП (125 руб.): 89% от ФОТ | D28: 10 м3 основания | E28: 1,08 108*0,1/10 | F28: 1816.24 | G28: 117.4 | H28: 39.21 | I28: 7.97 | J28: 1962 | K28: 127 | L28: 42 | M28: 9 | N28: 10.2 | O28: 11.02 | P28: 0.51 | Q28: 0.55
A29: 3 | B29: ТЕР23-01-007-02 | C29: Укладка трубопроводов из железобетонных безнапорных раструбных труб диаметром 500 мм НР (1338 руб.): 130% от ФОТ СП (916 руб.): 89% от ФОТ | D29: 100 м трубопровода | E29: 0,6 20*3/100 | F29: 37412.2 | G29: 1495.4 | H29: 1656.1 | I29: 147.78 | J29: 22447 | K29: 897 | L29: 994 | M29: 89 | N29: 114.24 | O29: 68.54 | P29: 8.12 | Q29: 4.87
A30: 4 | B30: ТЕР23-02-001-05 | C30: Покрытие битумной мастикой бетонных и железобетонных труб диаметром 500 мм НР (553 руб.): 130% от ФОТ СП (378 руб.): 89% от ФОТ | D30: 100 м трубопровода | E30: 0.6 | F30: 5311.96 | G30: 675.03 | H30: 487.35 | I30: 4.37 | J30: 3187 | K30: 405 | L30: 292 | M30: 3 | N30: 48.32 | O30: 28.99 | P30: 0.24 | Q30: 0.14
A31: 5 | B31: ТЕР01-01-033-06 | C31: Засыпка траншей и котлованов с перемещением грунта до 5 м бульдозерами мощностью 79 кВт (108 л.с.), группа грунтов 3 НР (17 руб.): 95% от ФОТ СП (9 руб.): 50% от ФОТ | D31: 1000 м3 грунта | E31: 0,209 209/1000 | F31: 507.61 | H31: 507.61 | I31: 80.54 | J31: 106 | L31: 106 | M31: 17 | P31: 4.76 | Q31: 0.99
A32: 6 | B32: ТЕР01-02-005-02 | C32: Уплотнение грунта пневматическими трамбовками, группа грунтов 3-4 НР (490 руб.): 95% от ФОТ СП (258 руб.): 50% от ФОТ | D32: 100 м3 уплотненного грунта | E32: 2,09 209/100 | F32: 721.54 | G32: 179.67 | H32: 541.87 | I32: 56.7 | J32: 1508 | K32: 376 | L32: 1132 | M32: 119 | N32: 14.96 | O32: 31.27 | P32: 3.63 | Q32: 7.59
A33: 7 | B33: ТЕР01-01-036-02 | C33: Планировка площадей бульдозерами мощностью 79 кВт (108 л.с.) НР (1 руб.): 95% от ФОТ СП (1 руб.): 50% от ФОТ | D33: 1000 м2 | E33: 0,12 120/1000 | F33: 26.66 | H33: 26.66 | I33: 4.23 | J33: 3 | L33: 3 | M33: 1 | P33: 0.25 | Q33: 0.03
A34: 8 | B34: ТЕР06-01-001-05прим | C34: Устройство железобетонных выпусков, объемом до 3 м3. НР (395 руб.): 105% от ФОТ СП (244 руб.): 65% от ФОТ | D34: 100 м3 бетона, бутобетона и железобетона в деле | E34: 0,036 3,6/100 | F34: 84260.08 | G34: 9438.42 | H34: 8067.04 | I34: 569.03 | J34: 3033 | K34: 340 | L34: 290 | M34: 20 | N34: 785.88 | O34: 28.29 | P34: 31.3 | Q34: 1.13
A35: 9 | B35: ТСЦ-204-0021 | C35: Горячекатаная арматурная сталь периодического профиля класса А-III, диаметром 10 мм | D35: т | E35: 0,03 10*3/1000 | F35: 4963.66 | J35: 149
A36: Итого по разделу 1 Устройство дренажных канав. | J36: 231994 | O36: 171.28 | Q36: 22.24
A37: ИТОГИ ПО СМЕТЕ:
A38: Итого прямые затраты по смете в ценах 2001г. | J38: 33546 | K38: 2180 | L38: 3975 | M38: 375 | O38: 171.28 | Q38: 22.24
A39: Итого прямые затраты по смете с учетом коэффициентов к итогам (Районный к-т 4,3% (Поз. 1, 5-7, 2-4, 8)) | J39: 33656 | K39: 2274 | L39: 3991 | M39: 391 | O39: 171.28 | Q39: 22.24
A40: Накладные расходы | J40: 3128
A41: Сметная прибыль | J41: 2011
A42: Итоги по смете:
A43: Земляные работы, выполняемые механизированным способом | J43: 3803 | O43: 34.44 | Q43: 15.55
A44: Наружные сети водопровода, канализации, теплоснабжения, газопровода | J44: 31155 | O44: 108.55 | Q44: 5.56
A45: Бетонные и железобетонные монолитные конструкции в промышленном строительстве | J45: 3688 | O45: 28.29 | Q45: 1.13
A46: Материалы для строительных работ | J46: 149
A47: Итого | J47: 38795 | O47: 171.28 | Q47: 22.24
A48: 38 795 * 5,98 | J48: 231994
A49: Справочно, в ценах 2001г.:
A50: Материалы | J50: 27391
A51: Машины и механизмы | J51: 3991
A52: ФОТ | J52: 2665
A53: Накладные расходы | J53: 3128
A54: Сметная прибыль | J54: 2011
A55: ВСЕГО по смете | J55: 231994 | O55: 171.28 | Q55: 22.24

Sheet СМР
A1: Расчет начальной (максимальной) цены на
A2: выполнение работ на реконструкцию здания контрольно-пропускного пункта промплощадки №5
A4: Наименование глав ССР, объектный сметных расчетов, локальных сметных расчетов, видов прочих работ | B4: Сметная стоимость строительства в базисном уровне цен на 01.01.2000г. по ССР | F4: Остаток сметной стоимости в базисном уровне цен на 01.01.2014 | J4: Сметная стоимость строительства в базисном уровне цен на 01.01.2000г., выставленная на конкурс | N4: Текущая стоимость на момент определения начальной (максимальной) цены | O4: № обосновывающего расчета | P4: 2014 год | S4: 2015 год
B5: Всего | C5: СМР | D5: Оборудование | E5: Прочие | F5: Всего | G5: СМР | H5: Оборудование | I5: Прочие | J5: Всего | K5: СМР | L5: Оборудование | M5: Прочие | P5: СМР | Q5: Оборудование | R5: Прочие | S5: СМР | T5: Оборудование | U5: Прочие
A6: 1 | B6: 2 | C6: 3 | D6: 4 | E6: 5 | F6: 6 | G6: 7 | H6: 8 | I6: 9 | J6: 10 | K6: 11 | L6: 12 | M6: 13 | N6: 14 | O6: 15 | P6: 16 | Q6: 17 | R6: 18 | S6: 19 | T6: 20 | U6: 21
A7: разборка | B7: =SUM(C7:E7) -> 335 | C7: ='01-01'!J42 -> 335 | F7: =SUM(G7:I7) -> 335 | G7: =C7 -> 335 | H7: =D7 -> 0 | I7: =E7 -> 0 | J7: =SUM(K7:M7) -> 335 | K7: =P7 -> 335 | L7: =Q7 -> 0 | M7: =R7 -> 0 | O7: 01-01 | P7: =G7 -> 335 | Q7: =H7 -> 0 | R7: =I7 -> 0 | S7: 0
A8: демонтажные работы | B8: =SUM(C8:E8) -> 28464 | C8: ='01-02'!J58 -> 28464 | F8: =SUM(G8:I8) -> 28464 | G8: =C8 -> 28464 | H8: =D8 -> 0 | I8: =E8 -> 0 | J8: =SUM(K8:M8) -> 28464 | K8: =P8 -> 28464 | L8: =Q8 -> 0 | M8: =R8 -> 0 | O8: 01-02 | P8: =G8 -> 28464 | Q8: =H8 -> 0
A9: демонтаж тепловых сетей | B9: =SUM(C9:E9) -> 3392 | C9: ='01-03'!J55 -> 3392 | F9: =SUM(G9:I9) -> 3392 | G9: =C9 -> 3392 | H9: =D9 -> 0 | I9: =E9 -> 0 | J9: =SUM(K9:M9) -> 3392 | K9: =P9 -> 3392 | L9: =Q9 -> 0 | M9: =R9 -> 0 | O9: 01-03 | P9: =G9 -> 3392 | Q9: =H9 -> 0
A10: общестроительные работы | B10: =SUM(C10:E10) -> 320948 | C10: ='02-01-01'!J341 -> 320948 | F10: =SUM(G10:I10) -> 320948 | G10: =C10 -> 320948 | H10: =D10 -> 0 | I10: =E10 -> 0 | J10: =SUM(K10:M10) -> 320948 | K10: =G10 -> 320948 | L10: =Q10 -> 0 | M10: =R10 -> 0 | O10: 02-01-01 | Q10: =H10 -> 0 | S10: 320948
A11: водопровод и канализацию | B11: =SUM(C11:E11) -> 12342 | C11: ='02-01-02'!J101 -> 12342 | F11: =SUM(G11:I11) -> 12342 | G11: =C11 -> 12342 | H11: =D11 -> 0 | I11: =E11 -> 0 | J11: =SUM(K11:M11) -> 12342 | K11: =G11 -> 12342 | L11: =Q11 -> 0 | M11: =R11 -> 0 | O11: 02-01-02 | Q11: =H11 -> 0 | S11: 12342
A12: отопление | B12: =SUM(C12:E12) -> 34813 | C12: ='02-01-03'!J133 -> 34813 | F12: =SUM(G12:I12) -> 34813 | G12: =C12 -> 34813 | H12: =D12 -> 0 | I12: =E12 -> 0 | J12: =SUM(K12:M12) -> 34813 | K12: =G12 -> 34813 | L12: =Q12 -> 0 | M12: =R12 -> 0 | O12: 02-01-03 | Q12: =H12 -> 0 | S12: 34813
A13: освещение и автоматизация | B13: =SUM(C13:E13) -> 70554 | C13: ='02-01-04'!J177+'02-01-04'!J178 -> 47151 | D13: ='02-01-04'!J179 -> 23403 | F13: =SUM(G13:I13) -> 70554 | G13: =C13 -> 47151 | H13: =D13 -> 23403 | I13: =E13 -> 0 | J13: =SUM(K13:M13) -> 70554 | K13: =G13 -> 47151 | L13: =H13 -> 23403 | M13: =R13 -> 0 | O13: 02-01-04 | S13: 47151 | T13: 23403
A14: пожарная сигнализация | B14: =SUM(C14:E14) -> 18580 | C14: ='02-01-05'!J91 -> 16204 | D14: ='02-01-05'!J101 -> 2376 | F14: =SUM(G14:I14) -> 18580 | G14: =C14 -> 16204 | H14: =D14 -> 2376 | I14: =E14 -> 0 | J14: =SUM(K14:M14) -> 18580 | K14: =G14 -> 16204 | L14: =H14 -> 2376 | M14: =R14 -> 0 | O14: 02-01-05 | S14: 16204 | T14: 2376
A15: пожарная сигнализация | B15: =SUM(C15:E15) -> 2210 | C15: ='02-01-06'!J43 -> 1103 | D15: ='02-01-06'!J48 -> 1107 | F15: =SUM(G15:I15) -> 2210 | G15: =C15 -> 1103 | H15: =D15 -> 1107 | I15: =E15 -> 0 | J15: =SUM(K15:M15) -> 2210 | K15: =G15 -> 1103 | L15: =H15 -> 1107 | M15: =R15 -> 0 | O15: 02-01-06 | S15: 1103 | T15: 1107
A16: вертикальная планировка | B16: =SUM(C16:E16) -> 585 | C16: ='07-01'!J41 -> 585 | F16: =SUM(G16:I16) -> 585 | G16: =C16 -> 585 | H16: =D16 -> 0 | I16: =E16 -> 0 | J16: =SUM(K16:M16) -> 585 | K16: =G16 -> 585 | L16: =Q16 -> 0 | M16: =R16 -> 0 | O16: 07-01 | Q16: =H16 -> 0 | S16: 585
A17: покрытие площадки | B17: =SUM(C17:E17) -> 16385 | C17: ='07-02'!J51 -> 16385 | F17: =SUM(G17:I17) -> 16385 | G17: =C17 -> 16385 | H17: =D17 -> 0 | I17: =E17 -> 0 | J17: =SUM(K17:M17) -> 16385 | K17: =G17 -> 16385 | L17: =Q17 -> 0 | M17: =R17 -> 0 | O17: 07-02 | Q17: =H17 -> 0 | S17: 16385
A18: устройство дренажных каналов | B18: =SUM(C18:E18) -> 38795 | C18: ='247гн-14'!J47 -> 38795 | F18: =SUM(G18:I18) -> 38795 | G18: =C18 -> 38795 | H18: =D18 -> 0 | I18: =E18 -> 0 | J18: =SUM(K18:M18) -> 38795 | K18: =G18 -> 38795 | L18: =Q18 -> 0 | M18: =R18 -> 0 | O18: 247гн-14 | S18: 38795
A19: Итого в ценах 2000 года: | B19: =SUM(B7:B18) -> 547403 | C19: =SUM(C7:C18) -> 520517 | D19: =SUM(D7:D18) -> 26886 | E19: =SUM(E7:E18) -> 0 | F19: =SUM(F7:F18) -> 547403 | G19: =SUM(G7:G18) -> 520517 | H19: =SUM(H7:H18) -> 26886 | I19: =SUM(I7:I18) -> 0 | ... M19: =SUM(M7:M18) -> 0 | N19: =SUM(P19:U19) -> 547403 | O19: =SUM(O7:O18) -> 0 | P19: =SUM(P7:P18) -> 32191 | Q19: =SUM(Q7:Q18) -> 0 | R19: =SUM(R7:R18) -> 0 | S19: =SUM(S7:S18) -> 488326 | T19: =SUM(T7:T18) -> 26886
A20: Итого в текущих ценах*: | N20: =SUM(P20:U20) -> 3083653 | P20: =ROUND(P19*5.73,0) -> 184454 | Q20: =ROUND(Q19*3.76,0) -> 0 | R20: =ROUND(R19*10.48,0) -> 0 | S20: =ROUND(S19*5.73,0) -> 2798108 | T20: =ROUND(T19*3.76,0) -> 101091
A21: Итого синдексом инфляции**: | N21: =P20+S21+T21 -> 3231513 | S21: =ROUND(S20*1.051,0) -> 2940812 | T21: =ROUND(T20*1.051,0) -> 106247 | U21: =ROUND(U20*1.051,2) -> 0
A22: НДС 18% | N22: =SUM(P22:U22) -> 581672.34 | P22: =ROUND(P20*18%,2) -> 33201.72 | Q22: =ROUND(Q20*18%,2) -> 0 | R22: =ROUND(R20*18%,2) -> 0 | S22: =ROUND(S21*18%,2) -> 529346.16 | T22: =ROUND(T21*18%,2) -> 19124.46
A23: Всего: | N23: =SUM(P23:U23) -> 3813185.3 | P23: =SUM(P20:P22) -> 217655.72 | Q23: =SUM(Q20:Q22) -> 0 | R23: =SUM(R22:R22) -> 0 | S23: =SUM(S21:S22) -> 3470158.2 | T23: =SUM(T21:T22) -> 125371.46
P24: 60000000
A25: * В расчете использованы индексы: | Q25: =P24-P23 -> 59782344
A26: - 5,73 индекс изменения сметной стоимости СМР к ТЕР 2001 (письмо Минстроя России от 04.08.2014г. № 15285-ЕС/08 приложение 1, прочие объекты)
A27: - 3,76 индекс изменения сметной стоимости оборудования (письмо Минстроя России от 04.08.2014г. № 15285-ЕС/08 приложение 5, экономика в целом)
A28: ** В расчете использован индекс-дефлятор по инвестициям в основной капитал 2015/2014 - 1,051 по письмам: Минэкономразвития России от 25.09.2013 № 20402-АК/ДОЗи, Госкорпорации "Росатом" от 10.02.2014 № 1-12.8/4385
A30: Начальник отдела капитального строительства
A31: ФГУП "Комбинат "Электрохимприбор" | H31: В.В. Моляков
A33: Инженер по проектно-сметной работе | H33: Н.А. Басова
A35: Согласовано | H35: отдел 028

Sheet НМЦ договора
A8: Определение начальной (максимальной) цены договора генерального подряда
A9: на реконструкцию здания контрольно-пропускного пункта промплощадки №5
A10: на 2014 год
A12: Способ закупки: открытый запрос предложений в электронной форме
G14: ц.2000г./текущие цены, руб.
A15: Наименование услуг и работ (затрат) | C15: Сметная стоимость строительства в базисном уровне цен на 01.01.2000 г. | D15: Сметная стоимость строительства в текущем уровне цен, пресчитанная на момент проведения процедуры закупки | F15: Начальная (максимальная) цена | G15: в том числе по годам строительства
G18: 2014 г. | H18: 2015 г.
A22: 1 | C22: 2 | D22: 3 | F22: 4 | G22: 5 | H22: 6
A23: СМР | C23: =СМР!K19 -> 520517 | D23: =F23 -> 3231513 | F23: =SUM(G23:I23) -> 3231513 | G23: =СМР!P20 -> 184454 | H23: =СМР!S21+СМР!T21 -> 3047059
A24: Оборудование | C24: =СМР!L19 -> 26886 | D24: =F24 -> 106247 | F24: =SUM(G24:I24) -> 106247 | G24: =СМР!Q20 -> 0 | H24: =СМР!T21 -> 106247
A25: Прочие затраты | C25: =СМР!M19 -> 0 | D25: =F25 -> 0 | F25: =G25 -> 0 | G25: =СМР!R20 -> 0 | H25: 0
A26: Всего: | C26: =SUM(C23:C25) -> 547403 | D26: =F26 -> 3337760 | F26: =SUM(G26:I26) -> 3337760 | G26: =SUM(G23:G25) -> 184454 | H26: =SUM(H23:I25) -> 3153306
A27: НДС | D27: =F27 -> 581672.34 | F27: =SUM(G27:I27) -> 581672.34 | G27: =СМР!P22+СМР!Q22 -> 33201.72 | H27: =СМР!S22+СМР!T22 -> 548470.62
A28: Итого с НДС | D28: =F28 -> 3813185.3 | F28: =SUM(G28:I28) -> 3813185.3 | G28: =СМР!P23+СМР!Q23 -> 217655.72 | H28: =СМР!S23+СМР!T23 -> 3595529.6
A30: *В расчете использованы индексы:
A32: - 5,73 индекс изменения сметной стоимости СМР к ТЕР 2001 (письмо Минстроя России от 04.08.2014г. № 15285-ЕС/08 приложение 1, прочие объекты)
A33: - 3,76 индекс изменения сметной стоимости оборудования (письмо Минстроя России от 04.08.2014г. № 15285-ЕС/08 приложение 5, экономика в целом)
A34: ** В расчете использован индекс-дефлятор по инвестициям в основной капитал 2015/2014 - 1,051 по письмам: Минэкономразвития России от 25.09.2013 № 20402-АК/ДОЗи, Госкорпорации "Росатом" от 10.02.2014 № 1-12.8/4385
A37: Начальник отдела капитального строительства
A38: ФГУП "Комбинат "Электрохимприбор" | F38: В.В. Моляков
A40: Инженер по проектно-сметной работе | F40: Н.А. Басова
A42: Согласовано | F42: отдел 028
